Cogmind - Beta 16.1 @@@ ROGUE MODE // 2026.03.25 @ 18:30:24 Player: Dosh Result: Establishing Free Derelict Territories! Performance ------------- Evolutions (9) 4500 Regions Visited (40) 8000 Robots Destroyed (285) 1425 Value Destroyed (10360) 10360 Prototype IDs (91) 1820 Alien Tech Used (3) 600 Bonus (34645) 34645 TOTAL SCORE: 61350 Bonus ------- Triggered Max Security 1000 High Alert Combat Kills 909 Follower Combat Kills 457 Hunted by Unchained 1500 Entered Garrisons 200 Network Hubs Disabled 200 Aligned with FarCom 300 Met Data Miner 300 Acquired ECA 300 Met Zhirov 300 Met Warlord at Base 500 MAIN.C Attacked Warlord 500 Found Hidden Lab 3000 Destroyed MAIN.C Guards 500 Met MAIN.C 5000 Destroyed MAIN.C Shell 5000 Destroyed MAIN.C 10000 Met Warlord at Command 2000 Win 3000 Friendly Fire -321 Cogmind --------- Core Integrity 630/1600 Matter 300/300 Energy 100/100 System Corruption 14% Temperature Cool (0) Movement Flying (32) Location Free Derelict Territories Parts ------- > --- POWER (2) -------- (None) > --- PROPULSION (8) --- Cooled Nuclear Pulse Thruster > --- UTILITY (12) ----- Advanced Coolant Injector Advanced Gravity Neutralizer (fused) Experimental Melee Analysis Suite Experimental Melee Analysis Suite Femtoactuators > --- WEAPON (3) ------- Nanosword > --- INVENTORY (5) ---- Medium Storage Unit Enhanced Nova Cannon Hellfire Missile Launcher Peak State ------------ > --- POWER ------------ Micro Antimatter Reactor Zero-point Reactor > --- PROPULSION ------- Cooled Nuclear Pulse Thruster Cooled Nuclear Pulse Thruster Cooled Nuclear Pulse Thruster Experimental Cesium-ion Thruster Cooled Impulse Thruster Cooled Impulse Thruster Impulse Thruster Array > --- UTILITY ---------- Medium Storage Unit Advanced Gravity Neutralizer Long-range Terrain Scanner Experimental Terrain Scan Processor Experimental Melee Analysis Suite Experimental Melee Analysis Suite Experimental Phase Shifter Experimental Cloaking Device Experimental Hacking Suite Experimental Hacking Suite Deep Network Scanner Ghost Barrier > --- WEAPON ----------- Enhanced Nova Cannon Nanosword Nanosword > --- INVENTORY -------- Electron Diverter Femtoactuators Experimental Reaction Control System Experimental Utility Shielding Heavy Regenerative Plating Authchip [Armor] Hellfire Missile Launcher [Rating: 208] Favorites ----------- Power Mini Fusion Reactor Engine Cooled Deuterium Engine Power Core Light Nuclear Core Reactor Mini Fusion Reactor Propulsion Cooled Nuclear Pulse Thruster Treads Light Treads Leg Carbon-fiber Leg Flight Unit Cooled Nuclear Pulse Thruster Utility Experimental Hacking Suite Device Structural Scanner Storage Medium Storage Unit Processor Experimental Melee Analysis Suite Hackware Experimental Hacking Suite Protection Experimental Utility Shielding Weapon Longsword +1 Energy Gun Small Laser Energy Cannon Nova Cannon Ballistic Gun Light Assault Rifle Ballistic Cannon Advanced Assault Cannon Launcher Scatter Rocket Array Slashing Weapon Longsword +1 Special Melee Weapon Improved Datajack Build | -11 -10 -10 -10 -9 -8 -8 -8 -7 -7 -7 -7 -6 -6 -6 -6 -6 -6 -6 -6 -5 -5 -5 -5 -5 -5 -4 -4 -4 -4 -4 -4 -4 -3 -3 -3 -3 -2 -2 -1 -1 ------- Run | Yrd Mat Min Exi Min Mat Gar Mat Fac Low Low Dat Pro Fac Was Fac Ext Cet Arc Hub Fac Was Fac Upp Upp Zhi Pro Fac Was Fac Upp Upp War Pro Res Arm Lab Res Tes Acc Com Slots Evolved 18 | . . . . . 4 . . 2 . . . . 2 . . . . . . 2 . . . . . . 2 . . . . . . 2 . . 2 . 2 . Power 1 | . . . . . . . . . . . . . . . . . . . . . . . . . . . 1 . . . . . . . . . . . . . Propulsion 6 | . . . . . 2 . . . . . . . 1 . . . . . . . . . . . . . 1 . . . . . . . . . 2 . . . Utility 10 | . . . . . 2 . . 2 . . . . 1 . . . . . . 2 . . . . . . . . . . . . . 2 . . . . 1 . Weapon 1 | . . . . . . . . . . . . . . . . . . . . . . . . . . . . . . . . . . . . . . . 1 . Parts Attached 196 | 5 3 4 . . 17 1 10 23 6 1 . 2 6 . 17 1 1 1 2 5 . 12 1 2 3 . 13 4 10 . . 5 . 7 6 3 3 1 2 19 Power 30 | 1 . 1 . . 4 . 1 2 3 . . 2 2 . . . . . 1 . . 1 . . 1 . 4 . 1 . . . . . . . 1 . 1 4 Engine 11 | 1 . 1 . . 1 . 1 . 2 . . 1 2 . . . . . 1 . . 1 . . . . . . . . . . . . . . . . . . Core 10 | . . . . . 3 . . 2 1 . . 1 . . . . . . . . . . . . . . 2 . . . . . . . . . . . . 1 Reactor 9 | . . . . . . . . . . . . . . . . . . . . . . . . . 1 . 2 . 1 . . . . . . . 1 . 1 3 Propulsion 60 | 2 . 2 . . 6 . 8 12 . . . . 1 . 4 . 1 . . 2 . 5 . 1 . . 4 1 1 . . 2 . 1 1 . . . . 6 Treads 4 | 2 . 2 . . . . . . . . . . . . . . . . . . . . . . . . . . . . . . . . . . . . . . Leg 13 | . . . . . 5 . 8 . . . . . . . . . . . . . . . . . . . . . . . . . . . . . . . . . Wheel . | . . . . . . . . . . . . . . . . . . . . . . . . . . . . . . . . . . . . . . . . . Hover . | . . . . . . . . . . . . . . . . . . . . . . . . . . . . . . . . . . . . . . . . . Flight 43 | . . . . . 1 . . 12 . . . . 1 . 4 . 1 . . 2 . 5 . 1 . . 4 1 1 . . 2 . 1 1 . . . . 6 Utility 86 | 1 1 1 . . 5 . 1 8 3 . . . 3 . 12 . . 1 1 3 . 5 . . 2 . 5 3 7 . . 3 . 5 5 1 1 1 1 7 Device 25 | . . . . . 3 . . 1 . . . . 2 . . . . 1 . . . 3 . . 1 . 1 1 2 . . 3 . 1 1 . . . . 5 Storage 3 | 1 . 1 . . . . . . . . . . . . . . . . . . . . . . . . . . . . . . . 1 . . . . . . Processor 5 | . . . . . . . . . . . . . . . . . . . . . . . . . . . . 1 2 . . . . . 2 . . . . . Hackware 38 | . . . . . . . . 5 3 . . . 1 . 9 . . . . 3 . 2 . . . . 4 1 3 . . . . 3 1 1 1 1 . . Protection 15 | . 1 . . . 2 . 1 2 . . . . . . 3 . . . 1 . . . . . 1 . . . . . . . . . 1 . . . 1 2 Artifact . | . . . . . . . . . . . . . . . . . . . . . . . . . . . . . . . . . . . . . . . . . Weapon 20 | 1 2 . . . 2 1 . 1 . 1 . . . . 1 1 . . . . . 1 1 1 . . . . 1 . . . . 1 . 2 1 . . 2 Energy Gun 2 | . 1 . . . . . . . . . . . . . . . . . . . . . . 1 . . . . . . . . . . . . . . . . Energy Cannon 4 | . . . . . . . . . . . . . . . . . . . . . . 1 . . . . . . . . . . . 1 . 1 1 . . . Ballistic Gun 1 | 1 . . . . . . . . . . . . . . . . . . . . . . . . . . . . . . . . . . . . . . . . Ballistic Cannon 1 | . . . . . 1 . . . . . . . . . . . . . . . . . . . . . . . . . . . . . . . . . . . Launcher 5 | . 1 . . . . 1 . . . 1 . . . . . 1 . . . . . . . . . . . . . . . . . . . . . . . 1 Special Weapon . | . . . . . . . . . . . . . . . . . . . . . . . . . . . . . . . . . . . . . . . . . Impact Weapon . | . . . . . . . . . . . . . . . . . . . . . . . . . . . . . . . . . . . . . . . . . Slashing Weapon 5 | . . . . . 1 . . . . . . . . . 1 . . . . . . . . . . . . . 1 . . . . . . 1 . . . 1 Piercing Weapon . | . . . . . . . . . . . . . . . . . . . . . . . . . . . . . . . . . . . . . . . . . Special Melee Weapon 2 | . . . . . . . . 1 . . . . . . . . . . . . . . 1 . . . . . . . . . . . . . . . . . Unidentified Prototypes 27 | . . . . . 2 . . 3 . . . . 1 . 1 1 . . . . . 1 . . 4 . . 1 1 . . 4 . . 2 3 . 1 1 1 Corrupted Parts 1 | . . . . . . . . . . . . . . . . . . . . . . 1 . . . . . . . . . . . . . . . . . . System Corruption 5 | . . . . . . . . . . . . . . . . . . . . . . 5 . . . . . . . . . . . . . . . . . . Parts Lost 50 | . . 7 . . 2 1 2 2 1 . 1 1 . . . . 1 . . 4 . . . . . . 2 . 1 . . . 1 . 1 . . . 1 22 Power 11 | . . 2 . . 1 . 1 1 1 . 1 . . . . . . . . . . . . . . . 1 . . . . . . . . . . . . 3 Propulsion 19 | . . 2 . . 1 1 . . . . . . . . . . 1 . . . . . . . . . 1 . 1 . . . 1 . . . . . . 11 Utility 15 | . . 1 . . . . 1 1 . . . 1 . . . . . . . 3 . . . . . . . . . . . . . . 1 . . . 1 6 Weapon 5 | . . 2 . . . . . . . . . . . . . . . . . 1 . . . . . . . . . . . . . . . . . . . 2 Highest Loss Streak 22 | . . 6 . . 1 1 2 1 1 . 1 1 . . . . 1 . . 3 . . . . . . 1 . 1 . . . 1 . 1 . . . 1 22 To Critical Strikes 1 | . . . . . . . . . . . . . . . . . 1 . . . . . . . . . . . . . . . . . . . . . . . Average Backups 6 | . 2 7 6 7 10 18 19 5 5 5 5 5 4 5 4 5 4 4 5 4 4 4 5 5 5 5 4 5 4 5 5 5 5 6 9 9 7 8 6 8 Power . | . . . . . . 2 1 . . . . . . . . . . . 1 . 1 . . . . . . 1 1 1 1 . . . . . . . . 1 Propulsion 1 | . . 1 . . 2 4 6 1 1 1 1 1 . 1 1 2 1 1 1 . 1 1 2 1 1 . . . . . . . . . 1 2 . . 1 2 Utility 3 | . . 4 4 4 5 9 8 2 3 3 3 2 2 4 2 2 2 2 2 1 1 2 2 2 3 3 2 3 2 3 3 3 4 3 5 5 5 6 4 2 Weapon 1 | . . 1 2 3 2 3 3 . 1 . 1 . . . . 1 1 1 1 . 1 . 1 1 1 1 . . . . . . . 1 1 1 1 2 1 1 Tool/Special . | . . . . . . . . . . . . . . . . . . . . . . . . . . . . . . . . . . . . . . . . . Unused Backups 19 | . . 1 . . 4 . 2 9 . . . . . . . . . . . . . 1 . . . . 1 . . . . . . . . . . . . 1 Power 1 | . . . . . . . . 1 . . . . . . . . . . . . . . . . . . . . . . . . . . . . . . . . Propulsion 5 | . . . . . 2 . 1 2 . . . . . . . . . . . . . . . . . . . . . . . . . . . . . . . . Utility 9 | . . 1 . . . . 1 4 . . . . . . . . . . . . . 1 . . . . 1 . . . . . . . . . . . . 1 Weapon 4 | . . . . . 2 . . 2 . . . . . . . . . . . . . . . . . . . . . . . . . . . . . . . . Tool/Special . | . . . . . . . . . . . . . . . . . . . . . . . . . . . . . . . . . . . . . . . . . Average Slot Usage (%) 92 | . 88 96 42 42 90 100 99 98 99 100 100 93 98 100 97 100 98 100 100 84 88 92 95 99 95 94 89 100 91 94 94 98 96 92 94 93 94 95 93 88 Engine 3 | . 14 12 . . . . 7 . . . . 5 5 6 5 6 6 6 6 5 5 5 5 5 4 5 . . . . . . . . . . . . . . Core 1 | . . . . . 8 9 1 6 5 7 7 . . . . . . . . . . . . . . . 1 . . . . . . . . . . . . . Reactor 2 | . . . . . . . . . . . . . . . . . . . . . . . . . . . 5 10 9 10 10 10 10 8 8 9 8 8 6 6 Treads 2 | . 28 27 28 28 1 . . . . . . . . . . . . . . . . . . . . . . . . . . . . . . . . . . . Leg 4 | . . . . . 32 36 36 . . . . . . . . . . . . . . . . . . . . . . . . . . . . . . . . . Flight 22 | . . . . . . . . 29 30 30 30 30 32 33 33 33 31 33 33 28 29 28 29 29 29 29 28 31 25 26 26 29 27 23 23 23 29 30 27 29 Device 9 | . . . . . 15 18 18 3 . . . . 5 6 2 3 . 3 4 5 5 10 11 11 11 11 10 6 11 15 15 15 15 15 15 11 7 12 14 15 Storage 3 | . 14 14 14 14 9 9 9 . . . . . . . . . . . . . . . . . . . . . . . . . . 3 4 4 4 4 4 3 Processor 1 | . . . . . . . . . . . . . . . . . . . . . . . . . . . . . . 5 5 5 5 4 8 14 13 13 12 9 Hackware 20 | . . . . . . . . 37 38 38 38 38 33 33 35 33 33 33 33 23 29 29 29 29 29 29 29 34 27 21 21 21 21 21 18 14 17 17 16 6 Protection 6 | . 5 13 . . 5 9 8 3 6 7 7 4 5 6 7 8 13 9 7 10 11 10 11 11 11 11 6 5 5 5 5 5 5 3 4 4 4 . . 7 Ballistic Gun 1 | . 13 13 . . 2 . . . . . . . . . . . . . . . . . . . . . . . . . . . . . . . . . . . Launcher 1 | . 6 . . . . 6 . . . . . . 3 6 3 . . . . . . . . . . . . 5 4 5 5 5 5 . . . . . . . Slashing Weapon 6 | . . . . . 8 9 9 7 7 6 7 7 6 6 7 12 13 13 13 7 5 5 5 5 5 5 5 5 5 5 5 5 5 4 4 4 6 4 7 9 Peak Build Rating 208 | 5 7 8 4 4 44 43 47 55 57 58 57 60 69 68 85 86 86 87 88 90 90 104 106 108 107 102 131 140 145 145 145 153 152 171 172 173 189 192 208 206 Average Rating 91 | 3 6 7 4 4 35 42 45 49 53 56 56 56 65 68 77 83 85 86 84 80 89 96 101 106 101 102 114 136 135 145 145 150 146 160 170 166 186 190 200 189 On Entrance 92 | . 5 7 4 4 4 43 43 47 52 57 57 54 53 68 68 85 85 86 87 84 89 90 100 106 107 102 102 131 136 145 145 145 152 145 171 168 173 189 192 193 Avg Prop Armor Cover (%) 1 | . . 38 . . 11 . . . . . . . . . . . . . . . . 1 . . . 2 2 2 . . . 2 . . . . . . . 1 Naked Turns . | . . . . . . . . . . . . . . . . . . . . . . . . . . . . . . . . . . . . . . . . . Heaviest Build 74 | 9 15 50 5 5 65 65 69 59 16 22 16 26 25 24 25 30 25 26 25 26 24 30 23 27 27 22 36 36 36 36 36 44 37 52 53 51 52 53 61 74 Greatest Support 76 | 40 40 40 40 40 62 62 75 23 28 20 26 28 25 25 32 34 27 27 27 28 35 29 29 30 30 30 38 54 55 55 55 63 54 70 58 57 69 65 69 76 Greatest Overweight (x) 2 | . . 1 . . 1 1 1 2 . 1 . 1 . . . 1 . . . . . 1 . 1 . . . . . . . . . . . . . . . 1 Average Overweight (x) . | . . . . . . 1 . . . . . . . . . . . . . . . . . . . . . . . . . . . . . . . . . . Largest Inventory Capacity 20 | 8 8 20 8 8 20 20 20 20 5 5 5 5 5 5 5 5 5 5 5 5 5 5 5 5 5 5 5 5 5 5 5 5 5 10 10 10 10 10 10 10 Average Capacity 8 | 6 8 14 8 8 16 20 20 5 5 5 5 5 5 5 5 5 5 5 5 5 5 5 5 5 5 5 5 5 5 5 5 5 5 9 10 10 10 10 10 9 Most Carried 20 | . 6 9 7 7 19 19 20 20 5 5 5 5 5 5 5 5 5 5 5 5 5 5 5 5 5 5 5 5 5 5 5 5 5 10 10 10 9 10 9 10 Average Carried 7 | . 2 7 6 7 10 18 19 4 5 5 5 4 4 5 4 4 4 4 5 4 4 4 5 4 4 5 4 4 4 5 5 4 5 6 9 9 8 9 7 8 Final Capacity 20 | 8 8 8 8 8 20 20 20 5 5 5 5 5 5 5 5 5 5 5 5 5 5 5 5 5 5 5 5 5 5 5 5 5 5 10 10 10 10 10 10 5 Final Carried 20 | . 6 6 7 7 19 18 20 5 5 5 5 5 5 5 5 5 4 5 5 5 5 5 5 5 5 5 5 5 5 5 5 5 5 10 9 10 9 10 7 3 Class Distribution -------------------- 36% | Wizard-Sprinter 23% | Mutant 19% | Hacker-Sprinter 6% | Wizard-Scout 6% | Wizard-Ninja 4% | Machinist-Sprinter Dominant Class ---------------- Mutant | -10/Materials Mutant | -10/Mines Mutant | -10/Exiles Mutant | -9/Mines Mutant | -8/Materials Mutant | -8/Garrison Mutant | -8/Materials Hacker-Sprinter | -7/Factory Hacker-Sprinter | -7/Lower Caves Hacker-Sprinter | -7/Lower Caves Hacker-Sprinter | -7/Data Miner Hacker-Sprinter | -6/Proximity Caves Hacker-Sprinter | -6/Factory Hacker-Sprinter | -6/Waste Wizard-Sprinter | -6/Factory Wizard-Sprinter | -6/Extension Wizard-Sprinter | -6/Cetus Wizard-Sprinter | -6/Archives Wizard-Sprinter | -6/Hub_04(d) Wizard-Sprinter | -5/Factory Wizard-Sprinter | -5/Waste Wizard-Sprinter | -5/Factory Wizard-Sprinter | -5/Upper Caves Wizard-Sprinter | -5/Upper Caves Wizard-Sprinter | -5/Zhirov Wizard-Sprinter | -4/Proximity Caves Wizard-Sprinter | -4/Factory Wizard-Sprinter | -4/Waste Wizard-Scout | -4/Factory Wizard-Sprinter | -4/Upper Caves Wizard-Sprinter | -4/Upper Caves Wizard-Sprinter | -4/Warlord Wizard-Sprinter | -3/Proximity Caves Wizard-Ninja | -3/Research Wizard-Sprinter | -3/Armory Machinist-Sprinter | -3/Lab Wizard-Sprinter | -2/Research Wizard-Ninja | -2/Testing Wizard-Ninja | -1/Access Machinist-Sprinter | -1/Command Resources | -11 -10 -10 -10 -9 -8 -8 -8 -7 -7 -7 -7 -6 -6 -6 -6 -6 -6 -6 -6 -5 -5 -5 -5 -5 -5 -4 -4 -4 -4 -4 -4 -4 -3 -3 -3 -3 -2 -2 -1 -1 ----------- Run | Yrd Mat Min Exi Min Mat Gar Mat Fac Low Low Dat Pro Fac Was Fac Ext Cet Arc Hub Fac Was Fac Upp Upp Zhi Pro Fac Was Fac Upp Upp War Pro Res Arm Lab Res Tes Acc Com Matter Collected 5326 | 220 118 60 . . 258 78 261 278 57 96 . 158 178 . 291 115 . 49 40 340 . 476 16 30 . 67 233 183 455 10 . . . 187 229 . 64 . 226 553 Remotely . | . . . . . . . . . . . . . . . . . . . . . . . . . . . . . . . . . . . . . . . . . Salvage Created 12960 | . 116 101 . . 1522 199 1101 950 182 93 . 200 717 . 632 221 . 98 87 451 . 638 40 40 . . 376 57 465 330 . . 62 201 810 . 131 . 159 2981 Parts 647 | . 17 6 . . 69 29 64 53 5 6 . 12 47 . 27 9 . 13 4 34 . 30 2 1 . . 14 3 28 . . . 9 4 49 . 10 . 5 97 Haulers Intercepted 26 | . 1 . . . 6 . 3 7 . . . . 2 . 3 . . . . . . 2 . . . . . . 2 . . . . . . . . . . . Recyclers Shooed 3 | . . . . . . . . 2 . . . . . . . . . . . . . 1 . . . . . . . . . . . . . . . . . . Parts Field Recycled . | . . . . . . . . . . . . . . . . . . . . . . . . . . . . . . . . . . . . . . . . . Retrieved Matter . | . . . . . . . . . . . . . . . . . . . . . . . . . . . . . . . . . . . . . . . . . Parts Self-Destructed 17 | . . . . . . . . . 1 4 . 6 . . . . . . . . . . 2 1 . . . . . . . . 3 . . . . . . . Prevented . | . . . . . . . . . . . . . . . . . . . . . . . . . . . . . . . . . . . . . . . . . Parts Restored . | . . . . . . . . . . . . . . . . . . . . . . . . . . . . . . . . . . . . . . . . . Kills | -11 -10 -10 -10 -9 -8 -8 -8 -7 -7 -7 -7 -6 -6 -6 -6 -6 -6 -6 -6 -5 -5 -5 -5 -5 -5 -4 -4 -4 -4 -4 -4 -4 -3 -3 -3 -3 -2 -2 -1 -1 ------- Run | Yrd Mat Min Exi Min Mat Gar Mat Fac Low Low Dat Pro Fac Was Fac Ext Cet Arc Hub Fac Was Fac Upp Upp Zhi Pro Fac Was Fac Upp Upp War Pro Res Arm Lab Res Tes Acc Com Combat Hostiles Destroyed 174 | . 6 4 . . 19 19 15 4 . 6 . 6 6 . 6 5 . . 1 12 . 4 . . . . 5 . 10 . . . 4 . 11 . 2 . 2 27 Melee 94 | . . . . . 19 4 15 4 . . . 1 4 . 3 2 . . 1 4 . 1 . . . . 1 . . . . . . . 11 . 2 . 2 20 Guns 2 | . . 2 . . . . . . . . . . . . . . . . . . . . . . . . . . . . . . . . . . . . . . AOE 78 | . 6 2 . . . 15 . . . 6 . 5 2 . 3 3 . . . 8 . 3 . . . . 4 . 10 . . . 4 . . . . . . 7 Classes Destroyed 22 | . 4 2 . . 6 1 1 2 . . . 1 . . . . . . . . . 1 1 . . . 1 . . . . . . . 1 . . . . 1 Worker 12 | . 2 . . . 1 . 1 . . . . . 2 . . . . . . 3 . 1 . . . . . . . . . . . . . . . . . 2 Builder 7 | . . . . . . . . 2 . . . . 3 . . . . . . . . . . . . . 1 . 1 . . . . . . . . . . . Tunneler 2 | . . . . . . . . . . . . . . . . . . . . . . 1 . . . . 1 . . . . . . . . . . . . . Hauler 26 | . 1 . . . 6 . 3 7 . . . . 2 . 3 . . . . . . 2 . . . . . . 2 . . . . . . . . . . . Recycler 12 | . . . . . 4 . 1 2 . . . . 1 . . . . . . . . 2 . . . . 1 . . . . . . 1 . . . . . . Minesweeper 2 | . . . . . . . . . . . . . . . . . . . . . . . 1 1 . . . . . . . . . . . . . . . . Mechanic 1 | . . . . . . . . . . . . . . . . . . . . . . . . . . . . . . . . . . . 1 . . . . . Operator 11 | . 2 . . . 2 . . . . . . . . . . . . 3 . . . 1 . . . . . . 2 . . . . . . . . . . 1 Drone 3 | . . . . . . . . . . . . . . . . . . . . . . . . . . . 2 . . . . . . . . . . . 1 . Watcher 40 | . . . . . 3 . 2 6 . . . . 7 . 4 3 . . 1 4 . 2 . . . . 1 . 3 . . . . 1 . . . . 2 1 Swarmer 77 | . 6 . . . 4 15 . . . 6 . 5 3 . 3 3 . . . 8 . 4 . . . . . . 8 . . . 4 . . . . . . 8 Cutter 2 | . . . . . . . . . . . . . . . . . . . . . . . . . . . . . . . . . . . . . . . . 2 Grunt 32 | . . 2 . . 7 3 6 2 . . . . 2 . 1 2 . . 1 . . . . . . . 2 . 2 . . . . . 2 . . . . . Brawler 1 | . . . . . 1 . . . . . . . . . . . . . . . . . . . . . . . . . . . . . . . . . . . Duelist 2 | . . . . . 1 . 1 . . . . . . . . . . . . . . . . . . . . . . . . . . . . . . . . . Sentry 11 | . . . . . 4 . 4 . . . . . . . . . . . . . . . . . . . . . . . . . . . 1 . . . . 2 Demolisher 2 | . . . . . . 1 . . . . . . . . . . . . . . . . . . . . . . . . . . . . 1 . . . . . Specialist 5 | . . . . . . . 2 . . . . . . . . . . . . . . . . . . . . . . . . . . . 1 . . . . 2 Hunter 9 | . . . . . 2 . 2 . . . . . . . . . . . . . . . . . . . . . . . . . . . . . . . . 5 Programmer 25 | . . . . . . . . 2 . . . 1 1 . 2 . . . . 4 . . . . . . 1 . . . . . . . 6 . 2 . 1 5 M Guard 1 | . . . . . . . . . . . . . . . . . . . . . . . . . . . . . . . . . . . . . . . . 1 Combat Programmer 1 | . . . . . . . . . . . . . . . . . . . . . . . . . . . . . . . . . . . . . . . . 1 Decomposer 2 | . . . . . . . . . 2 . . . . . . . . . . . . . . . . . . . . . . . . . . . . . . . Packrat 4 | . . . . . . . . . . . . . . . . . . . . . . . . . . . . . . 4 . . . . . . . . . . Samaritan 1 | . . . . . . . . . . . . 1 . . . . . . . . . . . . . . . . . . . . . . . . . . . . Assembled 2 | . . 2 . . . . . . . . . . . . . . . . . . . . . . . . . . . . . . . . . . . . . . Martyr 1 | . . . . . . . . . . . . . . . . . . . . . . . . . . . . 1 . . . . . . . . . . . . Best Kill Streak 9 | . 3 2 . . 9 8 4 6 . 3 . 3 5 . 4 5 . 2 1 7 . 8 1 1 . . 3 . 5 . . . 4 1 4 . 2 . 1 8 Combat Bots Only 8 | . 3 2 . . 3 8 3 1 . 3 . 3 4 . 3 3 . . 1 4 . 3 . . . . 2 . 4 . . . 4 . 4 . 2 . 1 7 Max Kills in Single Turn 5 | . 3 2 . . 1 4 1 1 1 3 . 2 4 . 3 1 . 1 1 4 . 3 1 1 . . 2 1 5 1 . . 4 1 1 . 1 . 1 2 Gunslinging . | . . . . . . . . . . . . . . . . . . . . . . . . . . . . . . . . . . . . . . . . . Exploded 4 | . 3 2 . . . 4 . . . 3 . 2 2 . 3 1 . . . 4 . 2 . . . . 2 . 4 . . . 4 . . . . . . 2 Melee 1 | . . . . . 1 1 1 1 . . . 1 1 . 1 1 . . 1 1 . 1 . . . . 1 . . . . . . . 1 . 1 . 1 1 Uniques/NPCs Destroyed 1 | . . . . . . . . . . . . . . . . . . . . . . . . . . . . . . . . . . . . . . . . 1 MAIN.C Shell (-1/Command) Combat | -11 -10 -10 -10 -9 -8 -8 -8 -7 -7 -7 -7 -6 -6 -6 -6 -6 -6 -6 -6 -5 -5 -5 -5 -5 -5 -4 -4 -4 -4 -4 -4 -4 -3 -3 -3 -3 -2 -2 -1 -1 -------- Run | Yrd Mat Min Exi Min Mat Gar Mat Fac Low Low Dat Pro Fac Was Fac Ext Cet Arc Hub Fac Was Fac Upp Upp Zhi Pro Fac Was Fac Upp Upp War Pro Res Arm Lab Res Tes Acc Com Hostile Shots Fired 1033 | . 8 51 . . 54 26 42 12 13 1 4 63 25 . 33 102 12 2 8 61 . 40 2 6 . 5 42 . 33 . . 6 1 25 86 6 11 6 50 197 Missed 478 | . 4 11 . . 18 6 8 3 6 1 2 31 10 . 21 64 6 . 4 29 . 15 1 4 . 3 21 . 19 . . 2 . 13 59 5 5 3 30 74 Intercepted 2 | . . . . . . . . . . . . . . . . . . . . . . . . . . . . . . . . . . . . . . . . 2 Hits 555 | . 4 40 . . 36 20 34 9 7 . 2 32 15 . 12 38 6 2 4 32 . 25 1 2 . 2 21 . 14 . . 4 1 12 27 1 6 3 20 123 Melee 5 | . . . . . 3 . 2 . . . . . . . . . . . . . . . . . . . . . . . . . . . . . . . . . Projectile 550 | . 4 40 . . 33 20 32 9 7 . 2 32 15 . 12 38 6 2 4 32 . 25 1 2 . 2 21 . 14 . . 4 1 12 27 1 6 3 20 123 AOE 23 | . . 11 . . . 4 . 1 . . . . . . . . . . . . . . . . . . . . . . . . . . . . . . 1 6 Critical Strikes 25 | . . . . . 2 . 1 1 . . . 2 . . . . 1 . . 2 . 1 . . . 1 1 . 1 . . 2 . . 2 . 1 . 2 5 Actively Blocked 3 | . . . . . . . . . . . . . . . . . . . . . . . . . . . . . . . . . . . 1 . 1 . . 1 Part Disruptions 10 | . . . . . . . . . . . . . . . . . . . . . . . . . . . . . . . . . . . . . . . . 10 Actively Blocked 4 | . . . . . . . . . . . . . . . . . . . . . . . . . . . . . . . . . . . . . . . . 4 Damage Taken 14365 | . 62 866 . . 505 366 582 230 73 . 90 435 229 . 309 469 171 50 76 688 . 542 161 . . 43 424 . 314 . . 85 97 145 602 25 136 79 648 5863 Core 2665 | . . 220 . . 64 75 84 45 . . . 150 85 . 92 213 . . . 114 . 140 . . . . 68 . 74 . . 17 24 . 178 . 22 30 233 737 Absorbed by Shields 39 | . . . . . . . . . . . . . . . . . . . . . . 39 . . . . . . . . . . . . . . . . . . Redirected to Shielding 568 | . . . . . . . . . . . . . . . . . . . . 39 . 43 . . . . 26 . 27 . . . . 50 169 . 61 . 33 120 Regen/Repaired (Parts) 3205 | . . . . . . . . . . . . . 107 . 194 . . . . 542 . 389 . . . . . 31 199 . . 4 . 238 86 . . . 280 1135 Core Remaining (%) 68 | 100 . . . 12 . . 59 . . . . 72 . . . . . . 54 . . . . . . 74 . . . . . . 84 . . 98 . 96 . 39 Volleys Fired 100 | . 24 13 . . . 10 . . . 3 . 6 2 . 2 3 . . . 2 . 1 . . . . 3 . 5 . . . 1 7 3 . 2 2 2 9 Largest 2 | . 2 2 . . . 1 . . . 1 . 1 1 . 1 1 . . . 1 . 1 . . . . 1 . 1 . . . 1 1 1 . 1 1 1 1 Hottest 120 | . 70 70 . . . 36 . . . 39 . 39 39 . 39 39 . . . 50 . 50 . . . . 50 . 50 . . . 50 113 113 . 120 120 120 120 Shots Fired 125 | . 35 25 . . . 10 . . . 3 . 6 2 . 1 3 . . . 2 . 2 . . . . 3 . 5 . . . 1 7 4 . 2 2 3 9 Gun 52 | . 30 22 . . . . . . . . . . . . . . . . . . . . . . . . . . . . . . . . . . . . . . Cannon 20 | . . . . . . . . . . . . . . . . . . . . . . . . . . . . . . . . . . 7 4 . 2 2 3 2 Launcher 53 | . 5 3 . . . 10 . . . 3 . 6 2 . 1 3 . . . 2 . 2 . . . . 3 . 5 . . . 1 . . . . . . 7 Special . | . . . . . . . . . . . . . . . . . . . . . . . . . . . . . . . . . . . . . . . . . Kinetic 29 | . 19 10 . . . . . . . . . . . . . . . . . . . . . . . . . . . . . . . . . . . . . . Thermal 43 | . 11 12 . . . . . . . . . . . . . . . . . . . . . . . . . . . . . . . 7 4 . 2 2 3 2 Explosive 53 | . 5 3 . . . 10 . . . 3 . 6 2 . 1 3 . . . 2 . 2 . . . . 3 . 5 . . . 1 . . . . . . 7 Electromagnetic . | . . . . . . . . . . . . . . . . . . . . . . . . . . . . . . . . . . . . . . . . . Robot Hit Streak 11 | . 9 11 . . . 2 . . . 2 . . . . . . . . . 3 . . . . . . 1 . 1 . . . 1 . . . . . 1 3 Robot Miss Streak 23 | . 2 2 . . . 3 . . . . . 2 . . . . . . . 17 . . . . . . 23 . 12 . . . 7 . . . . . . 1 Penetration Max . | . . . . . . . . . . . . . . . . . . . . . . . . . . . . . . . . . . . . . . . . . Secondary Targets . | . . . . . . . . . . . . . . . . . . . . . . . . . . . . . . . . . . . . . . . . . Shots Hit Robots 587 | . 20 17 . . 65 10 45 35 5 1 1 5 22 . 23 10 . 3 4 23 . 17 7 2 . . 14 3 14 4 . . 1 3 47 . 11 . 12 163 Core Hits 416 | . 15 17 . . 33 30 21 17 4 6 . 8 20 . 13 5 . 2 2 25 . 17 5 1 . . 27 1 40 2 . . 10 2 16 . 2 . 4 71 Critical Kills . | . . . . . . . . . . . . . . . . . . . . . . . . . . . . . . . . . . . . . . . . . Critical Parts Destroyed 1 | . 1 . . . . . . . . . . . . . . . . . . . . . . . . . . . . . . . . . . . . . . . Critical Strikes 40 | . 1 . . . 6 . 6 2 . . . . 1 . 1 3 . . . 2 . . . . . . 1 . 2 . . . . . 7 . 2 . 1 5 Destroy 1 | . 1 . . . . . . . . . . . . . . . . . . . . . . . . . . . . . . . . . . . . . . . Sever 39 | . . . . . 6 . 6 2 . . . . 1 . 1 3 . . . 2 . . . . . . 1 . 2 . . . . . 7 . 2 . 1 5 Melee Attacks 961 | . . . . . 71 26 48 63 8 2 8 10 35 . 63 12 . 18 16 74 . 52 8 3 . 1 46 3 53 7 . 2 . 23 67 3 18 9 33 179 Impact . | . . . . . . . . . . . . . . . . . . . . . . . . . . . . . . . . . . . . . . . . . Slashing 956 | . . . . . 71 26 48 62 8 2 8 10 35 . 63 12 . 18 16 74 . 52 4 3 . 1 46 3 53 7 . 2 . 23 67 3 18 9 33 179 Piercing 4 | . . . . . . . . . . . . . . . . . . . . . . . 4 . . . . . . . . . . . . . . . . . Sneak Attacks 91 | . . . . . 15 . 10 12 2 . 1 1 6 . 5 . . 3 . 3 . 7 2 1 . . 3 3 2 4 . . . 1 3 . . . . 7 Combat Hostiles 13 | . . . . . 1 . 2 . . . . . 1 . 1 . . . . . . . 1 . . . . . . . . . . . 2 . . . . 5 Follow-up Attacks 28 | . . . . . . . . . . . . . . . 1 . . . . 1 . . . . . . . . . . . . . . . . . . . 26 Damage Inflicted 47493 | . 531 352 . . 3577 1947 2323 2412 488 401 95 848 2520 . 1679 946 . 370 208 1758 . 1673 239 160 . . 1541 221 2047 548 . . 386 290 2933 . 718 . 782 15500 Guns 285 | . 146 139 . . . . . . . . . . . . . . . . . . . . . . . . . . . . . . . . . . . . . . Cannons . | . . . . . . . . . . . . . . . . . . . . . . . . . . . . . . . . . . . . . . . . . Explosions 9880 | . 369 201 . . . 1653 . . . 401 . 526 1013 . 200 367 . . . 591 . 490 . . . . 849 . 1162 . . . 386 . . . . . . 1672 Melee 37300 | . . . . . 3577 294 2323 2412 488 . 95 322 1507 . 1479 579 . 370 208 1167 . 1183 239 160 . . 692 221 885 548 . . . 290 2933 . 718 . 782 13828 Ramming 28 | . 16 12 . . . . . . . . . . . . . . . . . . . . . . . . . . . . . . . . . . . . . . Kinetic 155 | . 103 52 . . . . . . . . . . . . . . . . . . . . . . . . . . . . . . . . . . . . . . Thermal 922 | . 43 87 . . . . . . . . . . 792 . . . . . . . . . . . . . . . . . . . . . . . . . . . Explosive 9088 | . 369 201 . . . 1653 . . . 401 . 526 221 . 200 367 . . . 591 . 490 . . . . 849 . 1162 . . . 386 . . . . . . 1672 Electromagnetic . | . . . . . . . . . . . . . . . . . . . . . . . . . . . . . . . . . . . . . . . . . Impact . | . . . . . . . . . . . . . . . . . . . . . . . . . . . . . . . . . . . . . . . . . Slashing 37284 | . . . . . 3577 294 2323 2412 488 . 95 322 1507 . 1479 579 . 370 208 1167 . 1183 223 160 . . 692 221 885 548 . . . 290 2933 . 718 . 782 13828 Piercing 16 | . . . . . . . . . . . . . . . . . . . . . . . 16 . . . . . . . . . . . . . . . . . Highest Corruption 14 | . . . . . 3 3 3 1 1 1 1 1 1 7 8 8 8 8 6 4 4 14 14 14 14 14 3 . . . . . . 1 5 5 1 2 2 14 Average Corruption 5 | . . . . . 2 3 3 1 1 1 1 1 1 7 7 8 8 4 3 3 4 13 14 14 14 14 2 . . . . . . 1 3 5 1 1 1 5 Corruption Purged 10 | . . . . . . . . . . . . . 1 . . . . 6 . . . . . . . . 3 . . . . . . . . . . . . . Corruption Blocked 5 | . . . . . . . . . . . . . . . . . . . . . . . . . . . . 5 . . . . . . . . . . . . Effects 230 | . . . . . 4 8 21 6 . 1 . 2 1 . 35 16 1 3 4 6 . 58 5 6 2 2 4 . . . . . . . 10 1 1 . 1 32 Message Errors 46 | . . . . . 1 2 6 . . . . 2 . . 8 3 1 1 1 1 . 8 1 2 . . . . . . . . . . . 1 1 . . 7 Matter Fused 62 | . . . . . 1 1 5 4 . 1 . . . . 8 4 . 1 1 2 . 13 2 1 2 1 1 . . . . . . . 4 . . . . 10 Heat Flow Errors 23 | . . . . . . . 1 . . . . . . . 3 1 . . . 1 . 10 . . . . . . . . . . . . 2 . . . . 5 Energy Discharges 26 | . . . . . . . 5 . . . . . . . 7 2 . 1 . 1 . 6 . 1 . 1 . . . . . . . . 1 . . . . 1 Parts Rejected 2 | . . . . . . . 1 . . . . . . . . . . . . . . 1 . . . . . . . . . . . . . . . . . . Parts Fused 4 | . . . . . . . . . . . . . . . 1 . . . . . . 1 1 . . . . . . . . . . . . . . . . 1 Data Loss (minor) 34 | . . . . . 1 4 1 1 . . . . 1 . 3 4 . . 2 1 . 8 . . . . 2 . . . . . . . 2 . . . . 4 Data Loss (major) 9 | . . . . . 1 . . 1 . . . . . . 2 1 . . . . . 2 . 1 . . . . . . . . . . . . . . . 1 Misfires 3 | . . . . . . . . . . . . . . . . . . . . . . 1 . . . . . . . . . . . . 1 . . . 1 . Alerts 9 | . . . . . . 1 2 . . . . . . . 2 1 . . . . . 2 . . . . 1 . . . . . . . . . . . . . Misdirections 11 | . . . . . . . . . . . . . . . . . . . . . . 6 1 1 . . . . . . . . . . . . . . . 3 Weapon Failures 1 | . . . . . . . . . . . . . . . 1 . . . . . . . . . . . . . . . . . . . . . . . . . Overload Shots . | . . . . . . . . . . . . . . . . . . . . . . . . . . . . . . . . . . . . . . . . . Overflow Damage 4775 | . 37 3 . . 246 63 249 388 98 . . 143 539 . 178 199 . 99 38 365 . 236 36 70 . . 126 24 196 207 . . 5 30 170 . 83 . 170 777 Projectiles . | . . . . . . . . . . . . . . . . . . . . . . . . . . . . . . . . . . . . . . . . . Explosions 507 | . 37 3 . . . 46 . . . . . 32 224 . . 69 . . . 2 . 22 . . . . 2 . 19 . . . 5 . . . . . . 46 Melee 4268 | . . . . . 246 17 249 388 98 . . 111 315 . 178 130 . 99 38 363 . 214 36 70 . . 124 24 177 207 . . . 30 170 . 83 . 170 731 Knockbacks . | . . . . . . . . . . . . . . . . . . . . . . . . . . . . . . . . . . . . . . . . . Impact . | . . . . . . . . . . . . . . . . . . . . . . . . . . . . . . . . . . . . . . . . . Kinetic . | . . . . . . . . . . . . . . . . . . . . . . . . . . . . . . . . . . . . . . . . . Secondary . | . . . . . . . . . . . . . . . . . . . . . . . . . . . . . . . . . . . . . . . . . Self-Inflicted Damage 587 | . 30 54 . . . 49 . . . . . 51 3 . . . . . . 52 . 158 . . . . 62 . 55 . . . 73 . . . . . . . Shots 27 | . 1 2 . . . 2 . . . . . 1 1 . . . . . . 2 . 8 . . . . 3 . 3 . . . 4 . . . . . . . Rammed 8 | . 4 4 . . . . . . . . . . . . . . . . . . . . . . . . . . . . . . . . . . . . . . Targets Rammed 10 | . 6 4 . . . . . . . . . . . . . . . . . . . . . . . . . . . . . . . . . . . . . . Kicked . | . . . . . . . . . . . . . . . . . . . . . . . . . . . . . . . . . . . . . . . . . Crushed 2 | . 2 . . . . . . . . . . . . . . . . . . . . . . . . . . . . . . . . . . . . . . . Highest Temperature 337 | . 61 75 . . 7 9 145 4 26 2 35 71 5 . 133 207 2 2 . 180 163 236 . . . . 65 6 60 20 65 273 123 150 289 7 241 103 107 337 Average Temperature 62 | . 24 38 . . 7 5 72 4 20 2 23 32 5 . 65 93 2 2 . 97 95 93 . . . . 19 6 24 8 32 60 65 59 74 3 102 33 30 90 Received Heat Transfer 1463 | . . 114 . . 135 18 144 21 27 . . 57 . . 36 108 27 9 27 18 . 63 9 . . 12 21 . 57 . . 27 . 18 87 . . 9 158 261 Effects 4 | . . . . . . . . . . . . . . . . . . . . . . . . . . . . . . . . . . . 1 . . . . 3 Shutdowns 1 | . . . . . . . . . . . . . . . . . . . . . . . . . . . . . . . . . . . . . . . . 1 Energy Bleed 1 | . . . . . . . . . . . . . . . . . . . . . . . . . . . . . . . . . . . . . . . . 1 Interference 2 | . . . . . . . . . . . . . . . . . . . . . . . . . . . . . . . . . . . 1 . . . . 1 Siege Activations . | . . . . . . . . . . . . . . . . . . . . . . . . . . . . . . . . . . . . . . . . . Martial Activations . | . . . . . . . . . . . . . . . . . . . . . . . . . . . . . . . . . . . . . . . . . Shielding Activations . | . . . . . . . . . . . . . . . . . . . . . . . . . . . . . . . . . . . . . . . . . Robots Disrupted . | . . . . . . . . . . . . . . . . . . . . . . . . . . . . . . . . . . . . . . . . . Combat Hostiles . | . . . . . . . . . . . . . . . . . . . . . . . . . . . . . . . . . . . . . . . . . Robots Corrupted . | . . . . . . . . . . . . . . . . . . . . . . . . . . . . . . . . . . . . . . . . . Combat Hostiles . | . . . . . . . . . . . . . . . . . . . . . . . . . . . . . . . . . . . . . . . . . Parts Fried 2 | . . . . . . . . . . . . . . . . . . . . . . 2 . . . . . . . . . . . . . . . . . . Impact Corruptions . | . . . . . . . . . . . . . . . . . . . . . . . . . . . . . . . . . . . . . . . . . Robots Melted . | . . . . . . . . . . . . . . . . . . . . . . . . . . . . . . . . . . . . . . . . . Combat Hostiles . | . . . . . . . . . . . . . . . . . . . . . . . . . . . . . . . . . . . . . . . . . Parts Melted . | . . . . . . . . . . . . . . . . . . . . . . . . . . . . . . . . . . . . . . . . . Heat Transferred 700 | . 100 200 . . . . . . . . . . 400 . . . . . . . . . . . . . . . . . . . . . . . . . . . Parts Sabotaged . | . . . . . . . . . . . . . . . . . . . . . . . . . . . . . . . . . . . . . . . . . Parts Stolen . | . . . . . . . . . . . . . . . . . . . . . . . . . . . . . . . . . . . . . . . . . Parts Stripped . | . . . . . . . . . . . . . . . . . . . . . . . . . . . . . . . . . . . . . . . . . Power Chain Reactions . | . . . . . . . . . . . . . . . . . . . . . . . . . . . . . . . . . . . . . . . . . Alert | -11 -10 -10 -10 -9 -8 -8 -8 -7 -7 -7 -7 -6 -6 -6 -6 -6 -6 -6 -6 -5 -5 -5 -5 -5 -5 -4 -4 -4 -4 -4 -4 -4 -3 -3 -3 -3 -2 -2 -1 -1 ------- Run | Yrd Mat Min Exi Min Mat Gar Mat Fac Low Low Dat Pro Fac Was Fac Ext Cet Arc Hub Fac Was Fac Upp Upp Zhi Pro Fac Was Fac Upp Upp War Pro Res Arm Lab Res Tes Acc Com Maximum Alert Level 5 | . . . . . 1 3 2 . . . . . 1 . . . . . . 2 1 1 . . . . . . 1 . . . . . 1 . . 5 4 3 Low Security (%) 72 | 100 100 100 . 100 83 16 26 100 . . . . 93 100 100 100 100 100 100 41 80 70 . . . . 100 100 99 . . . . 100 39 . 100 1 . . Level 1 12 | . . . . . 16 7 67 . . . . . 6 . . . . . . 9 20 29 . . . . . . . . . . . . 60 . . . . 19 Level 2 9 | . . . . . . 65 6 . . . . . . . . . . . . 48 . . . . . . . . . . . . . . . . . . 87 16 Level 3 5 | . . . . . . 10 . . . . . . . . . . . . . . . . . . . . . . . . . . . . . . . . 11 63 Level 4 . | . . . . . . . . . . . . . . . . . . . . . . . . . . . . . . . . . . . . . . . 1 . Level 5 . | . . . . . . . . . . . . . . . . . . . . . . . . . . . . . . . . . . . . . . . . . High Security . | . . . . . . . . . . . . . . . . . . . . . . . . . . . . . . . . . . . . . . . . . Max Security . | . . . . . . . . . . . . . . . . . . . . . . . . . . . . . . . . . . . . . . 98 . . Peak Influence 1690 | . 75 45 . . 251 768 411 65 . . . . 300 . 130 94 16 15 120 633 209 389 . . . . 111 30 239 . . . . 82 276 . 50 1690 1100 858 Initial 1100 | . . 21 . . . 53 374 29 . . . . 122 . . 17 16 . 1 58 194 146 . . . . 12 30 . . . . . 54 16 . . . 1100 323 Average 165 | . 25 4 . . 122 528 266 9 . . . . 69 . 37 28 9 2 27 277 197 116 . . . . 39 5 89 . . . . 28 182 . 16 1636 557 671 Influence Increases 10961 | . 228 88 . . 686 735 559 341 75 215 . 280 472 . 425 380 . 32 168 1163 15 865 5 5 . 30 541 . 1108 . . . 120 299 802 . 112 90 205 917 Destroy 0b10 Robot/C 3760 | . 120 40 . . 380 380 300 80 . 120 . 120 120 . 120 120 . . 20 240 . 80 . . . . 60 . 420 . . . 80 . 360 . 40 . 20 540 Destroy 0b10 Robot/NC 615 | . 25 . . . 80 . 35 85 15 . . 5 75 . 35 15 . 15 5 35 . 45 5 5 . . 20 . 40 . . . . 10 10 . . . 15 40 Destroy Leader 834 | . 22 10 . . 118 30 110 46 . 20 . 20 38 . 42 16 . . 2 48 . 18 . . . . 12 . 72 . . . 10 2 62 . 10 . 14 112 Allied During Kill 152 | . . . . . . . . . . . . . . . . 1 . . . . . . . . . . . . 96 . . . . . 55 . . . . . Trap Triggered on 0b10 130 | . . . . . . . . . . . . . 10 . 10 . . . . 20 . . . . . . 60 . 20 . . . . 10 . . . . . . Successful Hack 556 | . 23 . . . 15 38 7 46 . . . . 4 . 39 12 . . 24 113 . 51 . . . . 15 . 20 . . . . 62 28 . 14 . 9 36 Select Force Hacks 50 | . . . . . . . . . . . . . . . . . . . 50 . . . . . . . . . . . . . . . . . . . . . Disable Machine 390 | . 15 15 . . 15 15 15 . . . . . 60 . . 15 . 15 . 15 . 60 . . . . . . . . . . . . 60 . . 75 . 15 Anti-Garrison Action 150 | . . . . . . 150 . . . . . . . . . . . . . . . . . . . . . . . . . . . . . . . . . . Destroy Structure 1234 | . 23 8 . . 3 62 2 24 . . . . 30 . 44 11 . 2 7 142 . 136 . . . . 194 . 260 . . . . 50 32 . 18 15 42 129 Partial Spotted 540 | . . . . . . . . . . . . . 45 . 30 30 . . 30 60 15 75 . . . . 60 . 30 . . . . 75 30 . 15 . . 45 Lose Combat Pursuer 2250 | . . 15 . . 75 60 90 60 60 75 . 135 90 . 105 60 . . 30 390 . 300 . . . 30 120 . 150 . . . 30 90 165 . 15 . 105 . Miscellaneous 300 | . . . . . . . . . . . . . . . . 100 . . . 100 . 100 . . . . . . . . . . . . . . . . . . Influence Decreases 12124 | . 174 142 . . 604 49 1262 406 60 75 155 85 667 . 388 387 30 27 53 728 361 699 200 105 80 10 473 88 923 139 46 . 40 347 764 70 112 . 1477 898 Entered New Map 2619 | . . 33 . . . 29 394 36 . 4 155 . 73 . . 20 14 . 4 62 361 63 140 35 80 . 8 58 . 69 10 . . 26 16 70 . . 677 182 Time Decay 5684 | . 174 79 . . 444 . 398 313 60 71 . 75 292 . 358 165 6 27 49 375 . 346 40 70 . 10 423 30 387 70 36 . 30 268 318 . 104 . 180 486 Search Patrol Dispatched 100 | . . . . . . . . . . . . . . . . . . . . 100 . . . . . . . . . . . . . . . . . . . . Lost Part 424 | . . 30 . . 10 10 20 19 . . . 10 . . . . 10 . . 40 . . . . . . 20 . 5 . . . 10 . 10 . . . 10 220 Lost Ally 622 | . . . . . . 10 . 20 . . . . 10 . 30 40 . . . 1 . . 20 . . . 22 . 271 . . . . 10 160 . 8 . 10 10 Purge Threat 2675 | . . . . . 150 . 450 18 . . . . 292 . . 162 . . . 150 . 290 . . . . . . 260 . . . . 43 260 . . . 600 . Squads Dispatched 137 | . 1 . . . 1 . 2 9 . . . . 7 . 15 3 . . 10 17 . 15 . . . . 11 . 17 . . . . 7 7 . . . 3 12 Investigation 58 | . . . . . . . . 2 . . . . 2 . 8 2 . . 5 9 . 8 . . . . 8 . 6 . . . . 4 2 . . . 1 1 Extermination 43 | . . . . . . . . 5 . . . . 3 . 5 . . . 1 5 . 5 . . . . 3 . 4 . . . . 3 4 . . . . 5 Reinforcement 36 | . 1 . . . 1 . 2 2 . . . . 2 . 2 1 . . 4 3 . 2 . . . . . . 7 . . . . . 1 . . . 2 6 Assault . | . . . . . . . . . . . . . . . . . . . . . . . . . . . . . . . . . . . . . . . . . Garrison . | . . . . . . . . . . . . . . . . . . . . . . . . . . . . . . . . . . . . . . . . . Intercept . | . . . . . . . . . . . . . . . . . . . . . . . . . . . . . . . . . . . . . . . . . Searches Triggered 1 | . . . . . . . . . . . . . . . . . . . . 1 . . . . . . . . . . . . . . . . . . . . Unchained Authorized 4 | . . . . . . . . . . . . . . . . . . . . . . . . . . . . . 1 1 1 . . . . . . . 1 . Construction Impeded 2 | . . . . . . . . . . . . . 1 . . . . . . . . . . . . . . . 1 . . . . . . . . . . . Haulers Reinforced 4 | . . . . . . . . 1 . . . . . . . . . . . . . . . . . . . . 3 . . . . . . . . . . . Active Scanning Responses . | . . . . . . . . . . . . . . . . . . . . . . . . . . . . . . . . . . . . . . . . . Cargo Convoy Interrupts . | . . . . . . . . . . . . . . . . . . . . . . . . . . . . . . . . . . . . . . . . . Stealth | -11 -10 -10 -10 -9 -8 -8 -8 -7 -7 -7 -7 -6 -6 -6 -6 -6 -6 -6 -6 -5 -5 -5 -5 -5 -5 -4 -4 -4 -4 -4 -4 -4 -3 -3 -3 -3 -2 -2 -1 -1 --------- Run | Yrd Mat Min Exi Min Mat Gar Mat Fac Low Low Dat Pro Fac Was Fac Ext Cet Arc Hub Fac Was Fac Upp Upp Zhi Pro Fac Was Fac Upp Upp War Pro Res Arm Lab Res Tes Acc Com Distress Signals 47 | . . . . . 3 . 3 1 . . . 1 2 . . 2 1 . 2 1 . 3 . . . . 5 . 4 . . . . 3 6 . 4 . 1 5 Communications Jammed . | . . . . . . . . . . . . . . . . . . . . . . . . . . . . . . . . . . . . . . . . . Distress Signals . | . . . . . . . . . . . . . . . . . . . . . . . . . . . . . . . . . . . . . . . . . Times Spotted 592 | . 20 22 . . 31 21 25 16 5 3 4 23 22 4 21 26 5 3 22 45 4 34 4 1 . 3 23 . 54 . . 11 5 21 42 1 10 8 14 39 Peak Tracking Total 21 | . 4 9 . . 4 5 5 2 4 5 4 11 4 4 5 14 5 3 14 10 4 7 4 1 . 3 7 . 21 . . 12 4 8 18 1 5 7 5 6 Tactical Retreats 80 | . . 2 . . 4 3 3 3 1 3 . 2 5 . 4 2 . . 1 13 . 8 . . . 1 4 . 8 . . . 1 5 4 . 1 . 2 . Traps | -11 -10 -10 -10 -9 -8 -8 -8 -7 -7 -7 -7 -6 -6 -6 -6 -6 -6 -6 -6 -5 -5 -5 -5 -5 -5 -4 -4 -4 -4 -4 -4 -4 -3 -3 -3 -3 -2 -2 -1 -1 ------- Run | Yrd Mat Min Exi Min Mat Gar Mat Fac Low Low Dat Pro Fac Was Fac Ext Cet Arc Hub Fac Was Fac Upp Upp Zhi Pro Fac Was Fac Upp Upp War Pro Res Arm Lab Res Tes Acc Com Traps Triggered 30 | . 1 . . . 2 1 . 1 . . . . 3 . 4 . . . 1 4 . 6 . . . . 2 . 3 . . . . . . . 1 . 1 . Indirectly . | . . . . . . . . . . . . . . . . . . . . . . . . . . . . . . . . . . . . . . . . . Trap Hack Attempts 12 | . . . . . . . . . . . . . 12 . . . . . . . . . . . . . . . . . . . . . . . . . . . Triggered . | . . . . . . . . . . . . . . . . . . . . . . . . . . . . . . . . . . . . . . . . . Disarmed 6 | . 6 . . . . . . . . . . . . . . . . . . . . . . . . . . . . . . . . . . . . . . . Reprogrammed 78 | . . . . . . . . . . . . . 11 . 5 . . . . 11 . 13 . . . . 21 . 6 . . . . 5 6 . . . . . Reused 13 | . . . . . . . . . . . . . 1 . 1 . . . . 2 . . . . . . 6 . 2 . . . . 1 . . . . . . Traps Extracted . | . . . . . . . . . . . . . . . . . . . . . . . . . . . . . . . . . . . . . . . . . Installed 1 | . . . . . . . . . . . . . . . . . . . . . . . 1 . . . . . . . . . . . . . . . . . Triggered 13 | . . . . . . . . . . . . . 1 . 1 . . . . 2 . . . . . . 6 . 2 . . . . 1 . . . . . . Machines | -11 -10 -10 -10 -9 -8 -8 -8 -7 -7 -7 -7 -6 -6 -6 -6 -6 -6 -6 -6 -5 -5 -5 -5 -5 -5 -4 -4 -4 -4 -4 -4 -4 -3 -3 -3 -3 -2 -2 -1 -1 ---------- Run | Yrd Mat Min Exi Min Mat Gar Mat Fac Low Low Dat Pro Fac Was Fac Ext Cet Arc Hub Fac Was Fac Upp Upp Zhi Pro Fac Was Fac Upp Upp War Pro Res Arm Lab Res Tes Acc Com Machines Disabled 37 | . 1 1 . . 1 5 1 . . . 1 3 4 . . 1 . 1 . 1 . 4 . 1 . . . . . . . 1 . . 4 1 . 5 . 1 Max in Single Turn 4 | . 1 1 . . 1 1 1 . . . 1 1 4 . . 1 . 1 . 1 . 1 . 1 . . . . . . . 1 . . 1 1 . 1 . 1 Garrison Access 16 | . . . . . . . 1 . . . . . . . 1 . . . 1 3 . 2 . . . . 3 . 2 . . . . 1 . . 1 . 1 . Garrison Relay 2 | . . . . . . 2 . . . . . . . . . . . . . . . . . . . . . . . . . . . . . . . . . . Network Hub 1 | . . . . . . . . . . . . . . . . . . . 1 . . . . . . . . . . . . . . . . . . . . . Machines Repaired . | . . . . . . . . . . . . . . . . . . . . . . . . . . . . . . . . . . . . . . . . . Machines Dismantled . | . . . . . . . . . . . . . . . . . . . . . . . . . . . . . . . . . . . . . . . . . Machines Sabotaged 1 | . . . . . . . . . . . . . . . . . . . 1 . . . . . . . . . . . . . . . . . . . . . Overloaded Fab Kills . | . . . . . . . . . . . . . . . . . . . . . . . . . . . . . . . . . . . . . . . . . Hacking | -11 -10 -10 -10 -9 -8 -8 -8 -7 -7 -7 -7 -6 -6 -6 -6 -6 -6 -6 -6 -5 -5 -5 -5 -5 -5 -4 -4 -4 -4 -4 -4 -4 -3 -3 -3 -3 -2 -2 -1 -1 --------- Run | Yrd Mat Min Exi Min Mat Gar Mat Fac Low Low Dat Pro Fac Was Fac Ext Cet Arc Hub Fac Was Fac Upp Upp Zhi Pro Fac Was Fac Upp Upp War Pro Res Arm Lab Res Tes Acc Com Machines Accessed 241 | . 6 . 2 . 8 3 8 16 1 1 4 2 12 . 24 7 . . 6 24 . 25 . 1 4 . 24 . 19 . . 4 . 12 8 . 4 . 11 5 Terminals 142 | . 6 . . . 5 3 6 11 . 1 . 2 9 . 15 7 . . 5 11 . 12 . . . . 15 . 10 . . . . 6 5 . 2 . 7 4 Fabricators 40 | . . . . . . . . 3 . . . . 2 . 5 . . . . 5 . 6 . . . . 6 . 5 . . . . 4 2 . 1 . 1 . Repair Stations 17 | . . . . . . . . . . . . . 1 . 2 . . . . 4 . 3 . . . . . . 2 . . . . 1 1 . . . 2 1 Recycling Units 1 | . . . . . . . . . . . . . . . . . . . . . . 1 . . . . . . . . . . . . . . . . . . Scanalyzers 8 | . . . . . 2 . 1 2 . . . . . . 1 . . . . 1 . 1 . . . . . . . . . . . . . . . . . . Garrison Access 17 | . . . . . 1 . 1 . . . . . . . 1 . . . 1 3 . 2 . . . . 3 . 2 . . . . 1 . . 1 . 1 . Total Hacks 801 | . 16 . 2 . 17 7 25 42 1 2 27 6 43 . 75 23 . . 19 87 . 88 . 1 17 . 65 . 95 . . 6 . 40 28 . 15 . 38 16 Successful 627 | . 9 . 2 . 9 3 11 33 1 2 27 6 37 . 61 15 . . 16 69 . 65 . 1 17 . 58 . 77 . . 6 . 37 19 . 12 . 23 11 Failed 168 | . 7 . . . 7 4 13 8 . . . . 6 . 14 8 . . 3 17 . 23 . . . . 6 . 18 . . . . 2 9 . 3 . 15 5 Catastrophic 27 | . 1 . . . 2 1 4 2 . . . . . . 3 . . . . 3 . 5 . . . . . . 1 . . . . . . . . . 3 2 Database Lockouts 6 | . . . . . 1 . 1 1 . . . . . . . . . . . 1 . . . . . . 1 . . . . . . 1 . . . . . . Manual 360 | . 11 . 1 . 6 1 15 17 . . . . 28 . 32 9 . . 9 28 . 38 . . . . 47 . 38 . . 3 . 19 21 1 12 . 17 7 Terminals 496 | . 16 . . . 11 7 18 32 . 2 . 6 35 . 44 23 . . 18 47 . 51 . . . . 44 . 60 . . . . 17 19 . 11 . 26 9 Fabricators 132 | . . . . . . . . 5 . . . . 4 . 25 . . . . 14 . 16 . . . . 18 . 23 . . . . 15 5 . 3 . 4 . Repair Stations 80 | . . . . . . . . . . . . . 4 . 4 . . . . 22 . 15 . . . . . . 10 . . . . 7 4 . . . 7 7 Recycling Units 2 | . . . . . . . . . . . . . . . . . . . . . . 2 . . . . . . . . . . . . . . . . . . Scanalyzers 20 | . . . . . 5 . 6 5 . . . . . . 1 . . . . 1 . 2 . . . . . . . . . . . . . . . . . . Garrison Access 17 | . . . . . 1 . 1 . . . . . . . 1 . . . 1 3 . 2 . . . . 3 . 2 . . . . 1 . . 1 . 1 . Terminal Hacks 297 | . 3 . 2 . 4 3 5 17 1 2 27 6 17 . 19 13 . . 8 25 . 25 . 1 17 . 27 . 35 . . 6 . 9 7 . 4 . 10 4 Record 27 | . . . 1 . . . . . . 2 9 5 . . . . . . . . . . . . 5 . . . . . . 5 . . . . . . . . Part Schematic 32 | . . . . . . . . . . . 11 . 2 . 2 . . . . 2 . 2 . . 4 . 2 . 3 . . . . 2 . . 2 . . . Robot Schematic 5 | . 1 . . . . . . . . . 4 . . . . . . . . . . . . . . . . . . . . . . . . . . . . . Robot Analysis 8 | . . . . . . . . 3 . . . . . . 1 . . . . . . . . . 4 . . . . . . . . . . . . . . . Prototype ID Bank 15 | . . . . . 1 . 1 . . . 3 . . . 3 . . . . 1 . . . . 4 . . . 2 . . . . . . . . . . . Open Door 11 | . . . . . . . . . 1 . . 1 . . . 3 . . . . . . . 1 . . . . . . . 1 . . . . . . 3 1 Level Access Points 2 | . . . . . . . . . . . . . . . . . . . 1 . . . . . . . . . . . . . . . . . . . 1 . Branch Access Points 9 | . . . . . . . . 1 . . . . 1 . 1 . . . . 1 . 1 . . . . . . 1 . . . . 1 . . 1 . 1 . Emergency Access Points 1 | . . . . . . 1 . . . . . . . . . . . . . . . . . . . . . . . . . . . . . . . . . . Machine Index 8 | . . . . . . . . . . . . . . . 1 . . . . 1 . 1 . . . . 1 . 1 . . . . 1 . . 1 . 1 . Terminal Index 4 | . . . . . . . . 1 . . . . 1 . . . . . . 1 . . . . . . . . . . . . . . . . . . . 1 Fabricator Index 1 | . . . . . . . . . . . . . 1 . . . . . . . . . . . . . . . . . . . . . . . . . . . Repair Station Index 1 | . . . . . . . . . . . . . 1 . . . . . . . . . . . . . . . . . . . . . . . . . . . Alert Level 7 | . . . . . . . 1 . . . . . . . . 2 . . . 1 . 1 . . . . 1 . . . . . . . . . . . . 1 Unreport Threat 30 | . . . . . 1 . 3 1 . . . . 2 . . 5 . . . 2 . 4 . . . . . . 5 . . . . 1 2 . . . 4 . Locate Traps 13 | . 1 . . . 1 . . 2 . . . . 1 . 1 1 . . . 1 . 2 . . . . 2 . 1 . . . . . . . . . . . Disarm Traps 1 | . 1 . . . . . . . . . . . . . . . . . . . . . . . . . . . . . . . . . . . . . . . Reprogram Traps 22 | . . . . . . . . . . . . . 1 . 2 . . . . 4 . 5 . . . . 5 . 1 . . . . 2 2 . . . . . Dispatch Records 1 | . . . . . . . . . . . . . . . . . . . . . . 1 . . . . . . . . . . . . . . . . . . Security Status 1 | . . . . . . . . . . . . . . . . . . . . 1 . . . . . . . . . . . . . . . . . . . . Patrol Status 5 | . . . . . . . . 2 . . . . 1 . . . . . . . . . . . . . 1 . 1 . . . . . . . . . . . Transport Status 2 | . . . . . . . . 2 . . . . . . . . . . . . . . . . . . . . . . . . . . . . . . . . Investigation Status 1 | . . . . . . . . . . . . . . . . . . . . . . . . . . . 1 . . . . . . . . . . . . . Recall Investigation 29 | . . . . . . . . . . . . . . . 5 1 . . 5 4 . 2 . . . . 5 . 7 . . . . . . . . . . . Recall Extermination 21 | . . . . . . . . 1 . . . . 2 . 1 . . . . 3 . 3 . . . . 4 . 3 . . . . 2 2 . . . . . Recall Reinforcements 10 | . . . . . . . . . . . . . 1 . . 1 . . 2 . . 1 . . . . . . 5 . . . . . . . . . . . Hauler Manifests 9 | . . . . . 1 . . 2 . . . . 1 . . . . . . 1 . . . . . . 3 . 1 . . . . . . . . . . . Registered Components 3 | . . . . . . . . . . . . . 1 . . . . . . . . . . . . . 1 . 1 . . . . . . . . . . . Registered Prototypes 2 | . . . . . . . . 1 . . . . . . . . . . . . . 1 . . . . . . . . . . . . . . . . . . Zone Layout 12 | . . . . . . . . 1 . . . . 1 . 2 . . . . 2 . 1 . . . . 1 . 3 . . . . . 1 . . . . . Garrison Registry 1 | . . . . . . 1 . . . . . . . . . . . . . . . . . . . . . . . . . . . . . . . . . . Security Stations 1 | . . . . . . 1 . . . . . . . . . . . . . . . . . . . . . . . . . . . . . . . . . . Proto ID Catalog 1 | . . . 1 . . . . . . . . . . . . . . . . . . . . . . . . . . . . . . . . . . . . . Disengage Seal 1 | . . . . . . . . . . . . . . . . . . . . . . . . . . . . . . . . . . . . . . . . 1 Fabricator Hacks 88 | . . . . . . . . 2 . . . . 2 . 19 . . . . 9 . 13 . . . . 12 . 13 . . . . 11 3 . 2 . 2 . Network Status 4 | . . . . . . . . 1 . . . . . . 1 . . . . . . 2 . . . . . . . . . . . . . . . . . . Load Schematic 51 | . . . . . . . . 1 . . . . 2 . 10 . . . . 5 . 7 . . . . 7 . 8 . . . . 7 2 . 1 . 1 . Build 33 | . . . . . . . . . . . . . . . 8 . . . . 4 . 4 . . . . 5 . 5 . . . . 4 1 . 1 . 1 . Repair Station Hacks 72 | . . . . . . . . . . . . . 4 . 4 . . . . 19 . 14 . . . . . . 10 . . . . 6 4 . . . 6 5 Scan Component 37 | . . . . . . . . . . . . . 2 . 2 . . . . 10 . 7 . . . . . . 5 . . . . 3 2 . . . 3 3 Repair 35 | . . . . . . . . . . . . . 2 . 2 . . . . 9 . 7 . . . . . . 5 . . . . 3 2 . . . 3 2 Recycling Unit Hacks 2 | . . . . . . . . . . . . . . . . . . . . . . 2 . . . . . . . . . . . . . . . . . . Process 1 | . . . . . . . . . . . . . . . . . . . . . . 1 . . . . . . . . . . . . . . . . . . Retrieve Matter 1 | . . . . . . . . . . . . . . . . . . . . . . 1 . . . . . . . . . . . . . . . . . . Scanalyzer 13 | . . . . . 3 . 3 4 . . . . . . 1 . . . . . . 2 . . . . . . . . . . . . . . . . . . Insert Component 2 | . . . . . 1 . . 1 . . . . . . . . . . . . . . . . . . . . . . . . . . . . . . . . Analyze 3 | . . . . . 1 . . 2 . . . . . . . . . . . . . . . . . . . . . . . . . . . . . . . . Retrieve Study 8 | . . . . . 1 . 3 1 . . . . . . 1 . . . . . . 2 . . . . . . . . . . . . . . . . . . Garrison Access Hacks 17 | . . . . . 1 . 1 . . . . . . . 1 . . . 1 3 . 2 . . . . 3 . 2 . . . . 1 . . 1 . 1 . Unlock Access 1 | . . . . . 1 . . . . . . . . . . . . . . . . . . . . . . . . . . . . . . . . . . . Seal Access 16 | . . . . . . . 1 . . . . . . . 1 . . . 1 3 . 2 . . . . 3 . 2 . . . . 1 . . 1 . 1 . Unauthorized Hacks 138 | . 6 . . . 1 . 2 10 . . . . 14 . 17 2 . . 7 13 . 7 . . . . 16 . 17 . . . . 10 5 . 5 . 4 2 Terminals 102 | . 6 . . . 1 . 2 8 . . . . 12 . 13 2 . . 7 12 . 4 . . . . 10 . 8 . . . . 6 3 . 4 . 3 1 Track 4 | . . . . . . . . . . . . . . . . . . . . 2 . . . . . . . . . . . . . 1 . . 1 . . . Assimilate 31 | . . . . . 1 . 2 . . . . . 2 . 3 1 . . 1 2 . 3 . . . . 5 . 4 . . . . 2 2 . 1 . 1 1 Botnet 30 | . 1 . . . . . . 3 . . . . 3 . 2 1 . . 1 6 . 1 . . . . 4 . 2 . . . . 2 1 . 1 . 2 . Disrupt 1 | . . . . . . . . . . . . . . . . . . . . 1 . . . . . . . . . . . . . . . . . . . . Operators 7 | . . . . . . . . . . . . . 1 . 1 . . . . . . . . . . . 1 . 2 . . . . 1 . . 1 . . . Skim 24 | . 5 . . . . . . 5 . . . . 6 . 7 . . . . 1 . . . . . . . . . . . . . . . . . . . . Sabotage 5 | . . . . . . . . . . . . . . . . . . . 5 . . . . . . . . . . . . . . . . . . . . . Fabricators 35 | . . . . . . . . 2 . . . . 2 . 4 . . . . 1 . 3 . . . . 6 . 9 . . . . 4 2 . 1 . 1 . Prioritize 13 | . . . . . . . . . . . . . . . 2 . . . . . . 1 . . . . 3 . 3 . . . . 1 1 . 1 . 1 . Liberate 3 | . . . . . . . . . . . . . . . . . . . . . . . . . . . . . 3 . . . . . . . . . . . Haulers 2 | . . . . . . . . 1 . . . . . . . . . . . . . . . . . . 1 . . . . . . . . . . . . . Recompile 17 | . . . . . . . . 1 . . . . 2 . 2 . . . . 1 . 2 . . . . 2 . 3 . . . . 3 1 . . . . . Repair Stations 1 | . . . . . . . . . . . . . . . . . . . . . . . . . . . . . . . . . . . . . . . . 1 Patch 1 | . . . . . . . . . . . . . . . . . . . . . . . . . . . . . . . . . . . . . . . . 1 Recycling Units . | . . . . . . . . . . . . . . . . . . . . . . . . . . . . . . . . . . . . . . . . . Scanalyzers . | . . . . . . . . . . . . . . . . . . . . . . . . . . . . . . . . . . . . . . . . . Garrison Access . | . . . . . . . . . . . . . . . . . . . . . . . . . . . . . . . . . . . . . . . . . Data Cores Recovered 1 | . 1 . . . . . . . . . . . . . . . . . . . . . . . . . . . . . . . . . . . . . . . Used . | . . . . . . . . . . . . . . . . . . . . . . . . . . . . . . . . . . . . . . . . . Hacking Detections 134 | . 4 . . . 5 2 6 13 . . . 1 10 . 18 5 . . 3 10 . 17 . . . . 7 . 10 . . . . 7 5 . 2 . 7 2 Full Trace Events 23 | . . . . . . 1 . 1 . . . . . . 4 1 . . . 5 . 3 . . . . 3 . 2 . . . . 1 1 . . . 1 . Feedback Events 3 | . . . . . . . . . . . . . . . . . . . . 2 . . . . . . . . . . . . . . 1 . . . . . Hackware Fried 3 | . . . . . . . . . . . . . . . . . . . . 2 . . . . . . . . . . . . . . 1 . . . . . Feedback Blocked . | . . . . . . . . . . . . . . . . . . . . . . . . . . . . . . . . . . . . . . . . . Robot Schematics Acquired 5 | . 1 . . . . . . . . . 4 . . . . . . . . . . . . . . . . . . . . . . . . . . . . . Robots Built . | . . . . . . . . . . . . . . . . . . . . . . . . . . . . . . . . . . . . . . . . . Authchips . | . . . . . . . . . . . . . . . . . . . . . . . . . . . . . . . . . . . . . . . . . Time . | . . . . . . . . . . . . . . . . . . . . . . . . . . . . . . . . . . . . . . . . . Total Robot Build Rating . | . . . . . . . . . . . . . . . . . . . . . . . . . . . . . . . . . . . . . . . . . Part Schematics Acquired 34 | . . . . . 1 . . 1 . . 11 . 2 . 2 . . . . 2 . 2 . . 4 . 2 . 3 . . . . 2 . . 2 . . . Parts Built 32 | . . . . . . . . . . . . . . . 8 . . . . 4 . 4 . . . . 5 . 4 . . . . 4 1 . 1 . 1 . Authchips 17 | . . . . . . . . . . . . . . . 5 . . . . . . 2 . . . . 2 . 3 . . . . 3 1 . 1 . . . Time 2216 | . . . . . . . . . . . . . . . 373 . . . . 511 . 317 . . . . 330 . 338 . . . . 130 51 . 111 . 55 . Total Part Build Rating 217 | . . . . . . . . . . . . . . . 45 . . . . 27 . 25 . . . . 35 . 29 . . . . 30 8 . 9 . 9 . Part Studies Acquired 8 | . . . . . 1 . 3 1 . . . . . . 1 . . . . . . 2 . . . . . . . . . . . . . . . . . . Parts Repaired 34 | . . . . . . . . . . . . . 2 . 2 . . . . 9 . 7 . . . . . . 5 . . . . 3 1 . . . 3 2 Time 1761 | . . . . . . . . . . . . . 140 . 140 . . . . 456 . 259 . . . . . . 433 . . . . 88 89 . . . 98 58 Parts Recycled . | . . . . . . . . . . . . . . . . . . . . . . . . . . . . . . . . . . . . . . . . . Recycled Matter . | . . . . . . . . . . . . . . . . . . . . . . . . . . . . . . . . . . . . . . . . . Retrieved Matter . | . . . . . . . . . . . . . . . . . . . . . . . . . . . . . . . . . . . . . . . . . Retrieved Components . | . . . . . . . . . . . . . . . . . . . . . . . . . . . . . . . . . . . . . . . . . Parts Scanalyzed 2 | . . . . . 1 . . 1 . . . . . . . . . . . . . . . . . . . . . . . . . . . . . . . . Part Schematics Acquired 2 | . . . . . 1 . . 1 . . . . . . . . . . . . . . . . . . . . . . . . . . . . . . . . Parts Damaged . | . . . . . . . . . . . . . . . . . . . . . . . . . . . . . . . . . . . . . . . . . Bothacking | -11 -10 -10 -10 -9 -8 -8 -8 -7 -7 -7 -7 -6 -6 -6 -6 -6 -6 -6 -6 -5 -5 -5 -5 -5 -5 -4 -4 -4 -4 -4 -4 -4 -3 -3 -3 -3 -2 -2 -1 -1 ------------ Run | Yrd Mat Min Exi Min Mat Gar Mat Fac Low Low Dat Pro Fac Was Fac Ext Cet Arc Hub Fac Was Fac Upp Upp Zhi Pro Fac Was Fac Upp Upp War Pro Res Arm Lab Res Tes Acc Com Used RIF Installer . | . . . . . . . . . . . . . . . . . . . . . . . . . . . . . . . . . . . . . . . . . Robots Hacked . | . . . . . . . . . . . . . . . . . . . . . . . . . . . . . . . . . . . . . . . . . Non-combat . | . . . . . . . . . . . . . . . . . . . . . . . . . . . . . . . . . . . . . . . . . Combat . | . . . . . . . . . . . . . . . . . . . . . . . . . . . . . . . . . . . . . . . . . Robot Hacks Applied . | . . . . . . . . . . . . . . . . . . . . . . . . . . . . . . . . . . . . . . . . . Relay Couplers Released 7 | . . . . . . 7 . . . . . . . . . . . . . . . . . . . . . . . . . . . . . . . . . . Machine Destruction 7 | . . . . . . 7 . . . . . . . . . . . . . . . . . . . . . . . . . . . . . . . . . . Fabnet Peak Effective % . | . . . . . . . . . . . . . . . . . . . . . . . . . . . . . . . . . . . . . . . . . Robots Rewired 11 | . . . . . . . . . . . . . . . . 3 . . . 1 . . . . . . . . . . . . . . 7 . . . . . Allies Hacked 6 | . . . . . . . . . . . . . . . . . . . . . . . . . . . . . 5 . . . . . 1 . . . . . Hacks Repelled . | . . . . . . . . . . . . . . . . . . . . . . . . . . . . . . . . . . . . . . . . . Allies | -11 -10 -10 -10 -9 -8 -8 -8 -7 -7 -7 -7 -6 -6 -6 -6 -6 -6 -6 -6 -5 -5 -5 -5 -5 -5 -4 -4 -4 -4 -4 -4 -4 -3 -3 -3 -3 -2 -2 -1 -1 -------- Run | Yrd Mat Min Exi Min Mat Gar Mat Fac Low Low Dat Pro Fac Was Fac Ext Cet Arc Hub Fac Was Fac Upp Upp Zhi Pro Fac Was Fac Upp Upp War Pro Res Arm Lab Res Tes Acc Com Total Allies 77 | . . . . . 1 . 2 . . . . . 2 1 15 6 . . . 3 . 1 1 . . . 5 20 7 . . . . 1 9 . 1 . 1 1 Largest Group 21 | . . . . . 1 1 2 2 . . . . 1 2 5 4 . . . 3 . 1 1 . . . 2 21 21 . . . . 1 7 . 1 . 1 1 Highest-Rated Group 812 | . . . . . 10 10 20 20 . . . . 26 57 116 99 . . . 101 . 26 29 . . . 45 812 773 . . . . 26 307 . 26 . 45 45 Highest-Rated Ally 50 | . . . . . 10 10 10 10 . . . . 26 31 31 39 . . . 49 . 26 29 . . . 45 50 46 . . . . 26 47 . 26 . 45 45 Initial Warlord ECA Mod 4 | . . . . . . . 4 3 3 3 3 2 2 2 2 2 2 2 2 1 1 1 1 1 1 . . . . . . . . . . . . . . . Total Orders 7 | . . . . . . 2 2 . . . . . . . . . . . . . . . . . . . . . . . . . . 1 2 . . . . . STAY 4 | . . . . . . 1 1 . . . . . . . . . . . . . . . . . . . . . . . . . . 1 1 . . . . . FOLLOW 3 | . . . . . . 1 1 . . . . . . . . . . . . . . . . . . . . . . . . . . . 1 . . . . . Ally Attacks 161 | . . . . . . . . . . . . . . . . 5 . . . 4 . . 2 . . . . . 125 . . . . . 25 . . . . . Total Damage 3643 | . . . . . . . . . . . . . . . . 78 . . . 93 . . 39 . . . . . 2460 . . . . . 973 . . . . . Kills 21 | . . . . . . . . . . . . . . . . 1 . . . . . . . . . . . . 12 . . . . . 8 . . . . . Allies Corrupted 4 | . . . . . . . . . . . . . . . . . . . . . . . . . . . . . 3 . . . . . 1 . . . . . Allies Melted 4 | . . . . . . . . . . . . . . . . 2 . . . . . . . . . . 1 . . . . . . . . . 1 . . . Intel | -11 -10 -10 -10 -9 -8 -8 -8 -7 -7 -7 -7 -6 -6 -6 -6 -6 -6 -6 -6 -5 -5 -5 -5 -5 -5 -4 -4 -4 -4 -4 -4 -4 -3 -3 -3 -3 -2 -2 -1 -1 ------- Run | Yrd Mat Min Exi Min Mat Gar Mat Fac Low Low Dat Pro Fac Was Fac Ext Cet Arc Hub Fac Was Fac Upp Upp Zhi Pro Fac Was Fac Upp Upp War Pro Res Arm Lab Res Tes Acc Com Active Infowar (turns) 10410 | . . . . . . . . 741 3 . . . 982 16 509 273 . . 102 1404 15 1281 95 141 46 53 1292 3 999 141 183 221 66 750 506 44 73 69 362 40 Terrain 3302 | . . . . . . . . . . . . . . . . . . . . . . . . . . . . . 999 141 183 221 66 750 433 22 51 69 362 5 Structural 6956 | . . . . . . . . 741 3 . . . 982 16 509 273 . . 102 1404 15 1281 95 141 46 53 1292 3 . . . . . . . . . . . . Cloaking 1678 | . . . . . . . . . . . . . . . . . . . . . . . . . . . . . . . . 158 66 749 337 35 35 67 196 35 Robot Analysis Total 8 | . . . . . . . . 3 . . . . . . 1 . . . . . . . . . 4 . . . . . . . . . . . . . . . Derelict Logs Recovered 9 | . . . . . . . . . 1 2 . . . . . . . . . . . . . 1 . 1 . . . 2 2 . . . . . . . . . Drone Launches . | . . . . . . . . . . . . . . . . . . . . . . . . . . . . . . . . . . . . . . . . . Drone Recoveries . | . . . . . . . . . . . . . . . . . . . . . . . . . . . . . . . . . . . . . . . . . Exploration | -11 -10 -10 -10 -9 -8 -8 -8 -7 -7 -7 -7 -6 -6 -6 -6 -6 -6 -6 -6 -5 -5 -5 -5 -5 -5 -4 -4 -4 -4 -4 -4 -4 -3 -3 -3 -3 -2 -2 -1 -1 ------------- Run | Yrd Mat Min Exi Min Mat Gar Mat Fac Low Low Dat Pro Fac Was Fac Ext Cet Arc Hub Fac Was Fac Upp Upp Zhi Pro Fac Was Fac Upp Upp War Pro Res Arm Lab Res Tes Acc Com Turns Passed 19866 | 48 625 798 328 90 1203 704 942 1589 144 162 83 171 1108 16 1147 476 28 124 133 1404 15 1281 95 141 46 53 1292 205 1279 141 183 221 66 750 715 51 257 69 362 1321 Spaces Moved 32216 | 28 341 373 205 57 739 339 563 2121 378 549 110 482 2038 69 2198 780 96 37 408 2616 63 2403 306 553 132 195 2588 226 3360 454 332 784 172 1268 1258 113 447 214 783 2038 Core 19 | 3 . 16 . . . . . . . . . . . . . . . . . . . . . . . . . . . . . . . . . . . . . . Treads 1034 | 25 341 357 205 57 49 . . . . . . . . . . . . . . . . . . . . . . . . . . . . . . . . . . . Legs 1592 | . . . . . 690 339 563 . . . . . . . . . . . . . . . . . . . . . . . . . . . . . . . . . Wheels . | . . . . . . . . . . . . . . . . . . . . . . . . . . . . . . . . . . . . . . . . . Hover . | . . . . . . . . . . . . . . . . . . . . . . . . . . . . . . . . . . . . . . . . . Flight 29571 | . . . . . . . . 2121 378 549 110 482 2038 69 2198 780 96 37 408 2616 63 2403 306 553 132 195 2588 226 3360 454 332 784 172 1268 1258 113 447 214 783 2038 Fastest Speed 6 | 50 160 100 160 160 105 181 111 26 14 26 17 14 23 23 14 11 23 23 23 23 14 23 23 23 23 23 20 20 20 24 24 11 20 12 23 23 17 6 17 6 Average Speed 33 | 148 160 196 160 160 117 181 127 26 25 26 25 25 23 23 22 22 23 23 23 23 19 23 23 23 23 25 22 20 23 24 24 21 21 24 24 23 17 16 17 19 Slowest Speed 240 | 160 160 240 160 160 181 181 181 176 26 91 26 91 23 23 23 91 23 23 23 26 23 102 23 96 23 26 29 24 30 24 24 24 23 25 25 23 17 17 20 93 Overloaded Moves 153 | . . . . . . . . . 4 . 8 10 . . 13 20 . . . . 26 . . . . . . . . . . 3 . 27 . . . 7 . 35 Propulsion Burnouts . | . . . . . . . . . . . . . . . . . . . . . . . . . . . . . . . . . . . . . . . . . Robots Hopped 159 | . . . . . . . . 53 1 1 . 2 8 . 16 7 2 . 2 11 . 6 . . . . 3 . 16 . . . . 2 3 . 2 . 14 10 Potential Cave-ins 2 | . . . . . . . . . . . . . . . . . . . 2 . . . . . . . . . . . . . . . . . . . . . Cave-ins Triggered . | . . . . . . . . . . . . . . . . . . . . . . . . . . . . . . . . . . . . . . . . . Teleports 2 | . . . . . . . . . . . . . . . . . . . . . . . . . . . . . . . . . . . 1 1 . . . . Exploration Rate (%) 54 | 3 58 62 60 26 57 47 50 41 50 72 79 63 49 72 55 86 50 49 45 56 70 54 47 70 60 44 70 87 53 67 61 77 42 45 53 92 16 34 17 39 Regions Visited 40 Branch Regions 23 Pre-discovered Areas 11 | . 1 . 1 . . . . 1 1 . 1 . 1 . . . . . . . . . . . 3 . . . . 1 . 1 . . . . . . . . Known Exits Taken 15 | . . . . . 1 . . 1 1 . . 1 . . 1 . 1 . 1 . . 1 . . . 1 . . 1 . 1 . 1 1 . . 1 . 1 . Unknown Exits Taken 18 | 1 1 1 1 1 . . 1 . . 1 1 . . . . 1 . 1 . . . . 1 1 1 . . . . 1 . 1 . . 1 1 . 1 . . Scrap Searched 19 | . . 1 . . . . . . 2 2 . 1 . . . . . . . . . . 1 3 . 4 . . . 2 2 . 1 . . . . . . . Spaces Dug 291 | . . . . . 3 11 2 24 3 2 1 1 8 . 34 1 . 2 9 37 . 25 . . . 1 32 . 35 3 . 1 . 19 7 . 6 5 12 7 Terrain Destroyed 876 | . 23 14 . . 3 22 2 24 3 55 1 59 28 . 44 13 . 2 9 82 . 73 . . . 1 96 . 167 3 . 1 50 25 10 . 6 5 14 41 Melee 273 | . . . . . 3 . 2 24 3 2 1 1 8 . 34 1 . 2 9 37 . 25 . . . 1 32 . 35 3 . 1 . 18 6 . 4 3 11 7 Projectile 20 | . . . . . . . . . . . . . . . . . . . . . . . . . . . . . . . . . . 7 4 . 2 2 3 2 AOE 583 | . 23 14 . . . 22 . . . 53 . 58 20 . 10 12 . . . 45 . 48 . . . . 64 . 132 . . . 50 . . . . . . 32 Terrain Rammed . | . . . . . . . . . . . . . . . . . . . . . . . . . . . . . . . . . . . . . . . . . Walls Destroyed . | . . . . . . . . . . . . . . . . . . . . . . . . . . . . . . . . . . . . . . . . . Machines Disabled . | . . . . . . . . . . . . . . . . . . . . . . . . . . . . . . . . . . . . . . . . . Actions | -11 -10 -10 -10 -9 -8 -8 -8 -7 -7 -7 -7 -6 -6 -6 -6 -6 -6 -6 -6 -5 -5 -5 -5 -5 -5 -4 -4 -4 -4 -4 -4 -4 -3 -3 -3 -3 -2 -2 -1 -1 --------- Run | Yrd Mat Min Exi Min Mat Gar Mat Fac Low Low Dat Pro Fac Was Fac Ext Cet Arc Hub Fac Was Fac Upp Upp Zhi Pro Fac Was Fac Upp Upp War Pro Res Arm Lab Res Tes Acc Com Total 40168 | 32 383 410 205 56 1041 414 780 3046 412 557 156 508 2629 68 2756 1051 99 135 427 3300 65 3023 325 560 147 195 3214 379 3739 474 434 835 197 1671 1626 131 611 229 948 2900 Wait 6342 | . . 10 . . 180 33 136 848 18 1 39 2 509 . 446 245 5 80 4 591 . 474 10 . . . 543 141 287 14 103 36 25 352 266 . 136 . 141 667 Move 31874 | 27 340 372 204 56 739 337 562 2021 375 546 109 477 2022 68 2166 765 91 36 403 2594 62 2390 305 552 131 194 2582 225 3328 453 331 783 171 1263 1251 112 442 213 757 2019 Hop 146 | . . . . . . . . 46 1 1 . 2 8 . 15 7 2 . 2 11 . 6 . . . . 3 . 15 . . . . 2 3 . 2 . 11 9 Pick Up 126 | . 7 3 1 . 20 . 8 11 . . . 1 5 . 6 2 . 2 . 4 1 10 . 1 1 . 9 1 4 . . 1 . 10 3 2 2 1 1 9 Fast Attach 113 | 5 2 1 . . 9 . 2 4 1 . . 1 6 . 8 1 . . . 6 . 10 1 1 7 . 5 3 13 . . 6 . 3 2 5 2 1 2 6 Attach 88 | . 1 3 . . 3 1 2 12 . . . 1 5 . 4 . 1 1 . 7 . 5 . . . . 7 1 4 . . . . 7 3 2 3 . 3 12 Detach 39 | . . 1 . . 1 . . 2 . . . 1 2 . 3 . . . . 2 . 2 . . . . 3 2 6 . . . . 3 1 1 . 1 2 6 Swap 153 | . 3 3 . . 10 2 10 11 7 4 . 4 4 . 11 5 . 1 4 11 1 11 . 1 . . 7 1 5 . . 1 . 1 14 2 6 2 1 10 Drop 118 | . . . . . 8 . 12 28 2 . . 3 4 . 5 3 . . . 1 1 10 . 2 8 . 6 2 4 . . 6 . . 1 4 . . . 8 Fire 100 | . 24 13 . . . 10 . . . 3 . 6 2 . 2 3 . . . 2 . 1 . . . . 3 . 5 . . . 1 7 3 . 2 2 2 9 Melee 907 | . . . . . 71 26 48 63 8 2 8 10 35 . 60 12 . 15 14 69 . 52 8 3 . 1 46 3 53 7 . 2 . 23 67 3 16 9 28 145 Ram . | . . . . . . . . . . . . . . . . . . . . . . . . . . . . . . . . . . . . . . . . . Kick . | . . . . . . . . . . . . . . . . . . . . . . . . . . . . . . . . . . . . . . . . . Crush 10 | . 6 4 . . . . . . . . . . . . . . . . . . . . . . . . . . . . . . . . . . . . . . Escape Stasis 117 | . . . . . . 5 . . . . . . 15 . 30 . . . . . . 52 . . . . . . 15 . . . . . . . . . . . Rewire 22 | . . . . . . . . . . . . . . . . 8 . . . 2 . . . . . . . . . . . . . . 12 . . . . . Trap 13 | . . . . . . . . . . . . . 12 . . . . . . . . . 1 . . . . . . . . . . . . . . . . . Miscellaneous . | . . . . . . . . . . . . . . . . . . . . . . . . . . . . . . . . . . . . . . . . . Route ------- -11/Scrapyard -10/Materials (discovered 6 exits: *Mat x3 / [*Min x2] / Sub) -10/Mines (discovered 3 exits: *Mat x2 / *Exi) -10/Exiles (discovered 2 exits: [*Min x2]) -9/Mines -8/Materials -8/Garrison (discovered 4 exits: *Fac x3 / *Mat) -8/Materials (discovered 2 exits: *Fac x2) -7/Factory (discovered 6 exits: *Fac x4 / *Low x2) -7/Lower Caves -7/Lower Caves -7/Data Miner -6/Proximity Caves -6/Factory (discovered 5 exits: *Fac / Low x2 / Ext x2) -6/Waste -6/Factory (discovered 6 exits: *Fac x2 / *Low x2 / *Ext x2) -6/Extension (discovered 3 exits: *Fac x2 / [*Cet]) -6/Cetus -6/Archives -6/Hub_04(d) (discovered 4 exits: *Fac x4) -5/Factory (discovered 4 exits: *Fac x2 / *Upp x2) -5/Waste -5/Factory (discovered 4 exits: *Fac x2 / *Upp x2) -5/Upper Caves -5/Upper Caves -5/Zhirov -4/Proximity Caves -4/Factory (discovered 5 exits: *Res x3 / *Upp x2) -4/Waste -4/Factory (discovered 4 exits: *Res x2 / *Upp x2) -4/Upper Caves -4/Upper Caves (discovered 2 exits: *Res / *War) -4/Warlord -3/Proximity Caves -3/Research (discovered 4 exits: Res / *Arm / Qua x2) -3/Armory (discovered 2 exits: Res / *Lab) -3/Lab -2/Research (discovered 2 exits: *Tes x2) -2/Testing -1/Access (discovered 2 exits: Sur / *Com) -1/Command Free Derelict Territories History --------- Turn | Location | Event 15 | -11/Scrapyard | Discovered new exit (range 16) 49 | -11/Scrapyard | Entered Materials 49 | -10/Materials | Discovered new exit (range 7) 178 | -10/Materials | Met 8R-AWN 229 | -10/Materials | Discovered new exit (range 16) 310 | -10/Materials | Build established: Mutant 340 | -10/Materials | Discovered new exit (range 16) 539 | -10/Materials | Identified exit to Subcaves 617 | -10/Materials | Learned location of 1 exit from Storage 640 | -10/Materials | Identified exit to Materials 674 | -10/Materials | Entered Mines 676 | -10/Mines | Followed 8R-AWN into the Mines 723 | -10/Mines | Discovered new exit (range 5) 839 | -10/Mines | Discovered exit to Materials (range 12) 1124 | -10/Mines | Discovered exit to Materials (range 12) 1394 | -10/Mines | Assembled infested the area 1433 | -10/Mines | Core integrity fell below 50% 1442 | -10/Mines | Core integrity fell below 20% 1471 | -10/Mines | Lost 6 parts (1p2n1u2w) 1472 | -10/Mines | Entered Exiles 1496 | -10/Exiles | Discovered new exit (range 15) 1516 | -10/Exiles | Welcomed by 8R-AWN 1538 | -10/Exiles | Met EX-HEX 1581 | -10/Exiles | Met EX-BIN 1600 | -10/Exiles | Aligned with FarCom system 1602 | -10/Exiles | Given EX-Vault access code 1640 | -10/Exiles | Opened EX-Vault 1648 | -10/Exiles | Found Longsword +1 1680 | -10/Exiles | Warned to stay clear of 0b10 Research branches 1728 | -10/Exiles | Met EX-DEC 1737 | -10/Exiles | Learned location of Zion (-6) 1785 | -10/Exiles | Discovered new exit (range 10) 1800 | -10/Exiles | Left Exiles lab with Longsword +1 1800 | -10/Exiles | Entered Mines 1869 | -9/Mines | Discovered new exit (range 14) 1890 | -9/Mines | Entered Materials 1890 | -8/Materials | Evolved 4 slots: Propulsion x2, Utility x2 2267 | -8/Materials | Central database locked down 3093 | -8/Materials | Identified exit to Garrison 3093 | -8/Materials | Entered Garrison 3093 | -8/Garrison | Accompanied by 1 ally 3153 | -8/Garrison | Discovered new exit (range 55) 3153 | -8/Garrison | Discovered new exit (range 84) 3153 | -8/Garrison | Discovered new exit (range 56) 3153 | -8/Garrison | Discovered new exit (range 60) 3206 | -8/Garrison | Learned Factory security intel 3263 | -8/Garrison | Destroyed 8 combat bots 3295 | -8/Garrison | Triggered checkpoint 3400 | -8/Garrison | Garrison Relay disabled 3552 | -8/Garrison | Garrison Relay disabled 3602 | -8/Garrison | Attempted to access garrison exit controls, blocked by remote lockdown 3797 | -8/Garrison | Entered Materials 4006 | -8/Materials | Discovered new exit (range 15) 4054 | -8/Materials | Central database locked down 4624 | -8/Materials | Discovered new exit (range 4) 4739 | -8/Materials | Entered Factory 4739 | -7/Factory | Accompanied by 2 allies 4739 | -7/Factory | Evolved 2 slots: Utility x2 4819 | -7/Factory | Central database locked down 4969 | -7/Factory | Discovered new exit (range 15) 5027 | -7/Factory | Identified exit to Lower Caves 5030 | -7/Factory | Build established: Hacker-Sprinter 5152 | -7/Factory | Discovered new exit (range 10) 5936 | -7/Factory | Learned 2 Upper Caves zone layouts 5998 | -7/Factory | Learned location of Extension (-6) 6049 | -7/Factory | Identified exit to Factory 6088 | -7/Factory | Learned Extension emergency access door positions 6163 | -7/Factory | Learned 4 Lower Caves zone layouts 6199 | -7/Factory | Learned 4 Proximity Caves zone layouts 6247 | -7/Factory | Loaded intel: 121 trap records 6307 | -7/Factory | Learned location of 1 exit from Extension 6328 | -7/Factory | Entered Lower Caves 6329 | -7/Lower Caves | Identified exit to Lower Caves 6349 | -7/Lower Caves | Met a Warlord Commander 6350 | -7/Lower Caves | Learned location of Warlord (-4) 6351 | -7/Lower Caves | Warlord Commander delivered Encrypted Comm Array 6385 | -7/Lower Caves | Learned Factory terminal intel 6390 | -7/Lower Caves | Spotted B-75 Beast 6472 | -7/Lower Caves | Entered another Lower Caves area 6477 | -7/Lower Caves | Encountered a Warlord checkpoint 6562 | -7/Lower Caves | Discovered new exit (range 13) 6600 | -7/Lower Caves | Learned Factory terminal intel 6634 | -7/Lower Caves | Entered Data Miner 6634 | -7/Data Miner | Discovered new exit (range 6) 6639 | -7/Data Miner | Met Data Miner 6644 | -7/Data Miner | Learned location of Section 7 (-3) 6649 | -7/Data Miner | Received God Mode back door access code from Data Miner 6655 | -7/Data Miner | Data Conduit disabled 6717 | -7/Data Miner | Entered Proximity Caves 6798 | -6/Proximity Caves | Attracted the attention of an 0b10 base 6800 | -6/Proximity Caves | Learned Extension trap positions 6800 | -6/Proximity Caves | Learned Extension terminal intel 6800 | -6/Proximity Caves | Learned Research garrison access intel 6800 | -6/Proximity Caves | Learned Extension garrison access intel 6816 | -6/Proximity Caves | Attracted the attention of an 0b10 checkpoint 6871 | -6/Proximity Caves | Snuck into a huge 0b10 base via the rear entrance 6882 | -6/Proximity Caves | Discovered exit to Factory (range 3) 6888 | -6/Proximity Caves | Entered Factory 6888 | -6/Factory | Evolved 2 slots: Propulsion x1, Utility x1 6889 | -6/Factory | Identified exit to Extension 6890 | -6/Factory | Loaded intel: 27 terminal locations 6893 | -6/Factory | Watched by a mysterious "MATRIX" hacker. 7241 | -6/Factory | Identified exit to Lower Caves 7380 | -6/Factory | Discovered new exit (range 10) 7606 | -6/Factory | Repaired Cld. VTOL Module 7677 | -6/Factory | Repaired Cld. VTOL Module 7869 | -6/Factory | Learned location of 1 exit from Hub_04(d) 7933 | -6/Factory | Learned 2 Lower Caves zone layouts 7952 | -6/Factory | Learned location of 1 exit from Lower Caves 7960 | -6/Factory | Learned 2 Lower Caves zone layouts 7961 | -6/Factory | Learned Hub_04(d) trap positions 7968 | -6/Factory | Learned location of 2 exits from Proximity Caves 7984 | -6/Factory | Learned Hub_04(d) terminal intel 7996 | -6/Factory | Manually triggered Chute Trap 7996 | -6/Factory | Sucked down chute 7996 | -6/Factory | Entered Waste 7997 | -6/Waste | Met a frightened Derelict 8003 | -6/Waste | Spotted C-40 Crusher 8003 | -6/Waste | Spotted C-40 Crusher 8006 | -6/Waste | 1 allies followed down the chute 8008 | -6/Waste | Spotted C-40 Crusher 8009 | -6/Waste | Discovered new exit (range 16) 8009 | -6/Waste | Spotted C-40 Crusher 8011 | -6/Waste | EMP discharged 8012 | -6/Waste | Entered Factory 8014 | -6/Factory | Loaded intel: 28 terminal locations 8152 | -6/Factory | Fabricated Adv. System Shield (x1) 8196 | -6/Factory | Fabricated Cld. VTOL Module (x1) 8222 | -6/Factory | Fabricated Adv. Hacking Suite (x1) 8431 | -6/Factory | Fabricated Adv. Hacking Suite (x1) 8452 | -6/Factory | Build established: Wizard-Sprinter 8458 | -6/Factory | Fabricated Adv. Hacking Suite (x1) 8499 | -6/Factory | Fabricated Exp. Utility Shielding (x1) 8583 | -6/Factory | Targeted by mysterious "MATRIX" hacker. 8625 | -6/Factory | Fabricated Cld. Nuclear Pulse Thruster? 8664 | -6/Factory | Repaired Cld. Deuterium Engine 8784 | -6/Factory | Discovered new exit (range 4) 8800 | -6/Factory | Fabricated Cld. Nuclear Pulse Thruster? 9085 | -6/Factory | Repaired Cld. Deuterium Engine? 9139 | -6/Factory | Discovered new exit (range 17) 9147 | -6/Factory | Spotted B-75 Beast 9159 | -6/Factory | Entered Extension 9160 | -6/Extension | Identified exit to Factory 9161 | -6/Extension | Loaded intel: 24 trap records 9163 | -6/Extension | Loaded intel: 15 terminal locations 9275 | -6/Extension | Found Prototype Launcher 9275 | -6/Extension | Identified Scatter Rocket Array 9302 | -6/Extension | Rescued a captive Derelict 9467 | -6/Extension | Spotted B-75 Beast 9471 | -6/Extension | Spotted B-75 Beast 9488 | -6/Extension | Rescued a captive Derelict 9488 | -6/Extension | Rescued a captive Derelict 9561 | -6/Extension | Rescued a captive Derelict 9615 | -6/Extension | Lost 3 allies 9629 | -6/Extension | Discovered exit to Factory (range 10) 9629 | -6/Extension | Discovered new exit (range 6) 9635 | -6/Extension | Entered Cetus 9636 | -6/Cetus | Identified exit to Archives 9638 | -6/Cetus | Spotted Cetus Guard 9638 | -6/Cetus | Spotted Cetus Guard 9639 | -6/Cetus | Spotted Cetus Guard 9649 | -6/Cetus | Spotted Cetus Guard 9663 | -6/Cetus | Entered Archives 9780 | -6/Archives | Discovered new exit (range 13) 9787 | -6/Archives | Entered Hub_04(d) 9789 | -6/Hub_04(d) | Loaded intel: 22 trap records 9790 | -6/Hub_04(d) | Loaded intel: 14 terminal locations 9898 | -6/Hub_04(d) | Network Hub disabled 9915 | -6/Hub_04(d) | Spotted Lightning 9915 | -6/Hub_04(d) | Spotted Lightning 9915 | -6/Hub_04(d) | Spotted Lightning 9920 | -6/Hub_04(d) | Entered Factory 9920 | -5/Factory | Evolved 2 slots: Utility x2 9921 | -5/Factory | Identified exit to Upper Caves 10072 | -5/Factory | Repaired Broken Cld. Deuterium Engine 10119 | -5/Factory | Discovered new exit (range 14) 10172 | -5/Factory | Discovered new exit (range 15) 10277 | -5/Factory | Repaired Cld. VTOL Module 10313 | -5/Factory | Repaired Cld. VTOL Module 10350 | -5/Factory | Repaired Cld. VTOL Module 10395 | -5/Factory | Repaired Broken Cld. Deuterium Engine 10484 | -5/Factory | Adv. Hacking Suite fried by hacking feedback 10484 | -5/Factory | Adv. Hacking Suite fried by hacking feedback 10536 | -5/Factory | Lost 3 parts (3u) 10555 | -5/Factory | Fabricated Exp. Hacking Suite? 10633 | -5/Factory | Fabricated Exp. Hacking Suite? 10789 | -5/Factory | Build established: Hacker-Sprinter 10818 | -5/Factory | Fabricated Exp. Hacking Suite? 10844 | -5/Factory | Fabricated Cld. Nuclear Pulse Thruster? 10959 | -5/Factory | Repaired Lyr. Medium Armor Plating 11093 | -5/Factory | Repaired Broken Cld. Nuclear Pulse Thruster 11120 | -5/Factory | Search patrols dispatched 11130 | -5/Factory | Repaired Cld. VTOL Module 11155 | -5/Factory | Central database locked down 11313 | -5/Factory | Repaired Broken Cld. Nuclear Pulse Thruster 11324 | -5/Factory | Manually triggered Chute Trap 11324 | -5/Factory | Sucked down chute 11324 | -5/Factory | Entered Waste 11327 | -5/Waste | Spotted C-40 Crusher 11330 | -5/Waste | Spotted C-40 Crusher 11331 | -5/Waste | Spotted C-40 Crusher 11335 | -5/Waste | Spotted C-40 Crusher 11335 | -5/Waste | Spotted C-40 Crusher 11337 | -5/Waste | Spotted C-40 Crusher 11338 | -5/Waste | Discovered new exit (range 10) 11339 | -5/Waste | EMP discharged 11339 | -5/Waste | Entered Factory 11376 | -5/Factory | Build established: Wizard-Sprinter 11387 | -5/Factory | System corruption reached 10% 11470 | -5/Factory | Spotted B-75 Beast 11480 | -5/Factory | Fabricated Exp. Hacking Suite? 11691 | -5/Factory | Fabricated Cld. Nuclear Pulse Thruster (x1) 11742 | -5/Factory | Repaired Broken Cld. VTOL Module 11757 | -5/Factory | Discovered new exit (range 15) 11798 | -5/Factory | Repaired Broken Cld. VTOL Module 11801 | -5/Factory | Repaired Broken Cld. Nuclear Pulse Thruster? 11824 | -5/Factory | Repaired Exp. Utility Shielding 11931 | -5/Factory | Repaired Cld. Nuclear Pulse Thruster 11952 | -5/Factory | Fabricated Cld. Nuclear Pulse Thruster? 11977 | -5/Factory | Repaired Broken Cld. VTOL Module 12207 | -5/Factory | Discovered new exit (range 5) 12248 | -5/Factory | Fabricated Cld. Nuclear Pulse Thruster? 12546 | -5/Factory | Repaired Lyr. Medium Armor Plating 12620 | -5/Factory | Entered Upper Caves 12650 | -5/Upper Caves | Encountered a Warlord checkpoint 12710 | -5/Upper Caves | Discovered new exit (range 8) 12715 | -5/Upper Caves | Entered another Upper Caves area 12816 | -5/Upper Caves | Spotted B-75 Beast 12826 | -5/Upper Caves | Learned location of 1 exit from Factory 12838 | -5/Upper Caves | Acquired the password to a Derelict Tinkerer's latest research 12853 | -5/Upper Caves | Discovered new exit (range 11) 12856 | -5/Upper Caves | Entered Zhirov 12856 | -5/Zhirov | Discovered new exit (range 3) 12861 | -5/Zhirov | Met Zhirov 12866 | -5/Zhirov | Learned location of Quarantine (-3) 12866 | -5/Zhirov | Learned location of Testing (-2) 12866 | -5/Zhirov | Learned location of Command (-1) 12867 | -5/Zhirov | Zhirov requested help retrieving the SGEMP Prototype 12871 | -5/Zhirov | Found Alien Artifact 12871 | -5/Zhirov | Identified Integrated Reactor 12871 | -5/Zhirov | Installed Integrated Reactor, increased core energy generation (+10) 12893 | -5/Zhirov | Found Alien Artifact 12902 | -5/Zhirov | Entered Proximity Caves 12903 | -4/Proximity Caves | Identified exit to Factory 12949 | -4/Proximity Caves | Learned Research terminal intel 12955 | -4/Proximity Caves | Entered Factory 12955 | -4/Factory | Evolved 2 slots: Power x1, Propulsion x1 12956 | -4/Factory | Identified exit to Upper Caves 13392 | -4/Factory | Fabricated Cld. Nuclear Pulse Thruster (x1) 13425 | -4/Factory | Central database locked down 13436 | -4/Factory | Fabricated Cld. Nuclear Pulse Thruster (x1) 13462 | -4/Factory | Discovered new exit (range 4) 13694 | -4/Factory | Fabricated Graviton Reactor? 13790 | -4/Factory | Fabricated Adv. Gravity Neutralizer (x1) 13860 | -4/Factory | Discovered new exit (range 15) 13878 | -4/Factory | Discovered exit to Upper Caves (range 6) 13905 | -4/Factory | Discovered new exit (range 5) 13988 | -4/Factory | Fabricated Graviton Reactor? 14247 | -4/Factory | Manually triggered Chute Trap 14247 | -4/Factory | Sucked down chute 14247 | -4/Factory | Entered Waste 14248 | -4/Waste | Joined by Warlord forces that had cleared the area 14272 | -4/Waste | 2 allies followed down the chute 14293 | -4/Waste | Discovered new exit (range 11) 14452 | -4/Waste | Entered Factory 14452 | -4/Factory | Accompanied by 20 allies 14553 | -4/Factory | Spotted B-86 Titan 14679 | -4/Factory | Fabricated Nanosword? 14728 | -4/Factory | Discovered new exit (range 8) 14795 | -4/Factory | Discovered new exit (range 15) 14811 | -4/Factory | Found Prototype Processor 14811 | -4/Factory | Identified Exp. Signal Interpreter 14929 | -4/Factory | Repaired Broken Graviton Reactor? 14965 | -4/Factory | Fabricated Adv. Gravity Neutralizer? 15029 | -4/Factory | Fabricated Exp. Melee Analysis Suite? 15044 | -4/Factory | Build established: Wizard-Scout 15079 | -4/Factory | Repaired Broken Adv. Gravity Neutralizer 15170 | -4/Factory | Repaired Cld. Nuclear Pulse Thruster? 15171 | -4/Factory | Fabricated Nanosword? 15244 | -4/Factory | Repaired Cld. Nuclear Pulse Thruster 15288 | -4/Factory | Repaired Scatter Rocket Array? 15328 | -4/Factory | Unchained authorized (V4-D3R) 15561 | -4/Factory | Fabricated Exp. Terrain Scan Processor? 15622 | -4/Factory | Lost 3 allies 15731 | -4/Factory | Entered Upper Caves 15741 | -4/Upper Caves | Entered a destroyed Warlord outpost 15765 | -4/Upper Caves | Discovered new exit (range 10) 15789 | -4/Upper Caves | Unchained authorized (V4-D3R) 15810 | -4/Upper Caves | Learned Research non-interactive machine intel 15872 | -4/Upper Caves | Entered another Upper Caves area 15875 | -4/Upper Caves | Learned Research trap positions 15882 | -4/Upper Caves | Discovered new exit (range 14) 15887 | -4/Upper Caves | Identified exit to Warlord 15915 | -4/Upper Caves | Unchained authorized (V4-D3R) 16018 | -4/Upper Caves | Build established: Wizard-Sprinter 16055 | -4/Upper Caves | Entered Warlord 16084 | -4/Warlord | Learned Research security intel 16084 | -4/Warlord | Learned Factory fabricator intel 16084 | -4/Warlord | Learned Factory garrison access intel 16111 | -4/Warlord | Found Prototype Device 16111 | -4/Warlord | Identified Exp. Focal Shield 16116 | -4/Warlord | Found Prototype Device 16116 | -4/Warlord | Identified Exp. Cloaking Device 16161 | -4/Warlord | Met Warlord 16180 | -4/Warlord | Warlord's base attacked by MAIN.C 16242 | -4/Warlord | Opened side exit 16275 | -4/Warlord | Discovered new exit (range 8) 16276 | -4/Warlord | Entered Proximity Caves 16277 | -3/Proximity Caves | Identified exit to Research 16342 | -3/Proximity Caves | Entered Research 16342 | -3/Research | Evolved 2 slots: Utility x2 16343 | -3/Research | Loaded intel: 89 trap records 16345 | -3/Research | Loaded intel: 71 non-interactive machine locations 16346 | -3/Research | Loaded intel: 22 terminal locations 16347 | -3/Research | Loaded intel: 3 garrison access locations 16375 | -3/Research | Identified exit to Armory 16375 | -3/Research | Identified exit to Quarantine 16398 | -3/Research | Central database locked down 16480 | -3/Research | Repaired Exp. Utility Shielding 16517 | -3/Research | Repaired Graviton Reactor 16545 | -3/Research | Repaired Scatter Rocket Array 16652 | -3/Research | Build established: Wizard-Ninja 16819 | -3/Research | Spotted B-86 Titan 16855 | -3/Research | Discovered new exit (range 19) 16888 | -3/Research | Fabricated Femtoactuators? 16950 | -3/Research | Fabricated Exp. Phase Shifter (x1) 16983 | -3/Research | Fabricated Exp. Melee Analysis Suite (x1) 17011 | -3/Research | Fabricated Exp. Utility Shielding (x1) 17072 | -3/Research | Spotted B-86 Titan 17092 | -3/Research | Entered Armory 17289 | -3/Armory | Fabricated Nanosword? 17485 | -3/Armory | Spotted B-86 Titan 17544 | -3/Armory | Discovered new exit (range 24) 17590 | -3/Armory | Repaired Mni. Fusion Reactor 17631 | -3/Armory | Repaired Exp. Utility Shielding? 17692 | -3/Armory | Exp. Hacking Suite fried by hacking feedback 17733 | -3/Armory | Found Hellfire Missile Launcher 17752 | -3/Armory | Identified Transdimensional Reconstructor 17752 | -3/Armory | Warped through subspace to slip node 17752 | -3/Armory | Discovered new exit (range 1) 17807 | -3/Armory | Entered Lab 17807 | -3/Lab | Discovered new exit (range 9) 17810 | -3/Lab | Unable to decrypt terminal 17810 | -3/Lab | Opened the door to a hidden lab 17811 | -3/Lab | Gained access to the hidden lab's interior 17817 | -3/Lab | Found Transdimensional Reconstructor 17817 | -3/Lab | Warped through subspace 17822 | -3/Lab | Detected by scanners 17827 | -3/Lab | Found Integrated Reactor 17827 | -3/Lab | Installed Integrated Reactor, increased core energy generation (+10) 17832 | -3/Lab | Found Alien Artifact 17832 | -3/Lab | Identified Core Regenerator 17832 | -3/Lab | Used Core Regenerator, restored core integrity (+325) 17839 | -3/Lab | Found Prototype Protection 17841 | -3/Lab | Found Prototype Hackware 17842 | -3/Lab | Identified Deep Network Scanner 17846 | -3/Lab | Found Prototype Energy Cannon 17846 | -3/Lab | Identified Warp Cannon 17848 | -3/Lab | Confronted by A5 17858 | -3/Lab | Entered Research 17858 | -2/Research | Warlord forces began assault on 0b10 17858 | -2/Research | Evolved 2 slots: Propulsion x2 17873 | -2/Research | Identified exit to Testing 17968 | -2/Research | Research machine network offline 18030 | -2/Research | Fabricated Exp. Reaction Control System (x1) 18115 | -2/Research | Entered Testing 18116 | -2/Testing | Maximum security lockdown engaged 18160 | -2/Testing | Found Prototype Hackware 18160 | -2/Testing | Identified Ghost Barrier 18183 | -2/Testing | Discovered new exit (range 13) 18184 | -2/Testing | Entered Access 18184 | -1/Access | Evolved 2 slots: Utility x1, Weapon x1 18188 | -1/Access | Identified exit to Command 18188 | -1/Access | Identified exit to Surface 18250 | -1/Access | Unchained authorized (QV-33N) 18265 | -1/Access | Repaired Exp. Utility Shielding 18302 | -1/Access | Repaired Graviton Reactor? 18368 | -1/Access | Fabricated Zero-point Reactor (x1) 18419 | -1/Access | Repaired Cld. Impulse Thruster 18541 | -1/Access | Identified Hvy. Regenerative Plating 18546 | -1/Access | Entered Command 18650 | -1/Command | Disengaged cave seal 18650 | -1/Command | Derelicts emerged from the dark tunnel 18650 | -1/Command | Welcomed Warlord to Command 18722 | -1/Command | Repaired Cld. Impulse Thruster? 18752 | -1/Command | Repaired Impulse Thruster Array 18834 | -1/Command | Lost 4 allies 18942 | -1/Command | Destroyed 7 combat bots 18995 | -1/Command | Destroyed 7 combat bots 19155 | -1/Command | Spotted M Guard 19155 | -1/Command | Spotted M Guard 19155 | -1/Command | Spotted Combat Programmer 19155 | -1/Command | Spotted Combat Programmer 19172 | -1/Command | Build established: Machinist-Sprinter 19183 | -1/Command | Destroyed Combat Programmer 19218 | -1/Command | Destroyed M Guard 19218 | -1/Command | All MAIN.C guards destroyed 19220 | -1/Command | Found Zero-point Reactor 19334 | -1/Command | Warlord commented on Warlord statues 19764 | -1/Command | Met MAIN.C 19764 | -1/Command | 0b10 Conduit disabled 19797 | -1/Command | System corruption reached 10% 19814 | -1/Command | Destroyed MAIN.C Shell 19815 | -1/Command | MAIN.C activated Command garrisons 19816 | -1/Command | Found Centrium Heavy Armor Plating 19856 | -1/Command | Core integrity fell below 50% 19867 | *** | Establishing Free Derelict Territories! Last Messages --------------- 19858_ Electron Diverter destroyed. 19858_ Exp. Cesium-ion Thruster destroyed. 19858_ Xenon Bombardment Thruster destroyed. 19858_ Cld. Impulse Thruster destroyed. 19858_ Adv. Surge Thruster destroyed. 19858_ Knocked back. 19859_ 0b10 Conduit collapses. 19864_ Destroyed Prototype Device. 19865_ 0b10 Conduit collapses. 19867_ Blast Slug penetrates MAIN.C. 19867_ Adv. Heat Sink destroyed. 19867_ MAIN.C: "I hope you know you're still going to DIE HERE WITH ME!" Heavy Barrier opened. 19867_ MAIN.C destroyed. 19867_ Blast Slug penetrates 0b10 Conduit. Warlord: Victory! Sure there's still lots to do, but without MAIN.C at the helm 0b10 doesn't stand a chance. We've got this... [Achievement: Warlord Forever!] Map ----- +----------------------------------------------------+ | ?????????????????????????????????????????????????? | | ?????????????????????????????????????????????????? | | ?????????????????????????????????????????????????? | | ?????????????????????????????????????????????????? | | ?????????????????????????????????????????????????? | | ?????????????????????????????????????????????????? | | ???????????????????????????#############?????????? | | ????????????????????????? """" #?????????? | | ????????????????????????? "" #?????????? | | ???????????????????????? " ########### | | ??????????????????""???"""""" + | | ??????????????????" ?? """ + | | ??????????????????"" """""" %+ | | ?????????????????#"" """""" ########### | | ?????????????????# " """""" %#?????????? | | ?????????????????# " " % %% #?????????? | | ?????????????????# " " ! ""#?????????? | | ?????????????????#""""""" %= ""#?????????? | | ?????????????????#"" !] % ""#?????????? | | ?????????????????# ""#?????????? | | ?????????????????# % " #?????????? | | ???????????####### W % " #?????????? | | ??????????? #?????????? | | ?????????? %"" % " #?????????? | | ???????????? % " #?????????? | | ?????????????????# " @ "" #?????????? | | ?????????????????# "" """"""""#?????????? | | ?????????????????# " " % " " #?????????? | | ?????????h???????######################??????????? | | ?????????????????????????????????????????????????? | | ?????????????????????????????????????????????????? | | ???????????h?????????????????????????????????????? | | ?????????????????????????????????????????????????? | | ?????????????????????????????????????????????????? | | ?????????????????????????????????????????????????? | | ?????????????????????????????????????????????????? | | ?????????????????????????????????????????????????? | | ?????????????????????????????????????????????????? | | ?????????????????????????????????????????????????? | | ?????????????????????????????????????????????????? | | ?????????????????????????????????????????????????? | | ?????????????????????????????????????????????????? | | ?????????????????????????????????????????????????? | | ?????????????????????????????????????????????????? | | ?????????????????????????????????????????????????? | | ?????????????????????????????????????????????????? | | ?????????????????????????????????????????????????? | | ?????????????????????????????????????????????????? | | ?????????????????????????????????????????????????? | | ?????????????????????????????????????????????????? | +----------------------------------------------------+ Best States ------------- Heat Dissipation 90 Coolant Potential 100 Energy Generation 81 Energy Capacity 580 Matter Stores 300 Matter Capacity 300 Sight Range 16 Terrain Scan Range 24 Terrain Scan Density 1010 Cloak Strength 4 Additional Mass Support 16 Armor Coverage 1200 Resistance: TH 15 Utility Shielding 90 Point Defense Rating 160 Melee Speed Boost 50 Phase Shifting 20 Evasion (%) 86 Melee Accuracy 24 Recoil Reduction 2 Offensive Hacking 76 Defensive Hacking 24 Authchip Count 3 Item Schematics ----------------- Imp. Utility Shielding | -8/Materials | Scanalyzed Cld. VTOL Module | -7/Factory | Scanalyzed Combat Drone Bay | -7/Data Miner | Free Lgt. Regenerative Plating | -7/Data Miner | Free Biomechanical Wings | -7/Data Miner | Free Exp. Targeting Computer | -7/Data Miner | Free Com. Ion Cannon | -7/Data Miner | Free Linear Gravjet | -7/Data Miner | Free Adv. Trap Extractor | -7/Data Miner | Free Wave Gun | -7/Data Miner | Free Adv. Melee Analysis Suite | -7/Data Miner | Free Imp. Gyrokinetic Inverter | -7/Data Miner | Free Hardcell Cannon | -7/Data Miner | Free Adv. Hacking Suite | -6/Factory | Hacked Adv. System Shield | -6/Factory | Hacked Exp. Utility Shielding | -6/Factory | Hacked Cld. Nuclear Pulse Thruster | -6/Factory | Hacked Med. Storage Unit | -5/Factory | Hacked Exp. Hacking Suite | -5/Factory | Hacked Gravity Neutralizer | -5/Factory | Hacked Adv. Gravity Neutralizer | -5/Factory | Hacked Assault Drone Bay | -5/Zhirov | Free Exp. Heat Sink | -5/Zhirov | Free Exp. Optical Array | -5/Zhirov | Free Imp. Arc Thrower | -5/Zhirov | Free Graviton Reactor | -4/Factory | Hacked Nanosword | -4/Factory | Hacked Exp. Melee Analysis Suite | -4/Factory | Hacked Adv. Force Field | -4/Factory | Hacked Exp. Terrain Scan Processor | -4/Factory | Hacked Femtoactuators | -3/Research | Hacked Exp. Phase Shifter | -3/Research | Hacked Exp. Reaction Control System | -2/Research | Hacked Zero-point Reactor | -2/Research | Hacked Robot Schematics ------------------ M-13 Machinist | -10/Materials | Hacked L-41 Fighter | -7/Data Miner | Free G-50 Soldier | -7/Data Miner | Free R-10 Processor | -7/Data Miner | Free M-28 Smith | -7/Data Miner | Free Fabricated ------------ Adv. System Shield | x1 | -6/Factory | Authchip Cld. VTOL Module | x1 | -6/Factory | Authchip Adv. Hacking Suite | x1 | -6/Factory | Authchip Adv. Hacking Suite | x1 | -6/Factory | Authchip Adv. Hacking Suite | x1 | -6/Factory | Authchip Exp. Utility Shielding | x1 | -6/Factory Cld. Nuclear Pulse Thruster | x1 | -6/Factory Cld. Nuclear Pulse Thruster | x1 | -6/Factory Exp. Hacking Suite | x1 | -5/Factory Exp. Hacking Suite | x1 | -5/Factory Exp. Hacking Suite | x1 | -5/Factory Cld. Nuclear Pulse Thruster | x1 | -5/Factory Exp. Hacking Suite | x1 | -5/Factory | Authchip Cld. Nuclear Pulse Thruster | x1 | -5/Factory | Authchip Cld. Nuclear Pulse Thruster | x1 | -5/Factory Cld. Nuclear Pulse Thruster | x1 | -5/Factory Cld. Nuclear Pulse Thruster | x1 | -4/Factory | Authchip Cld. Nuclear Pulse Thruster | x1 | -4/Factory Graviton Reactor | x1 | -4/Factory | Authchip Adv. Gravity Neutralizer | x1 | -4/Factory Graviton Reactor | x1 | -4/Factory Nanosword | x1 | -4/Factory | Authchip Adv. Gravity Neutralizer | x1 | -4/Factory | Authchip Exp. Melee Analysis Suite | x1 | -4/Factory | Authchip Exp. Terrain Scan Processor | x1 | -4/Factory Femtoactuators | x1 | -3/Research | Authchip Exp. Phase Shifter | x1 | -3/Research | Authchip Exp. Melee Analysis Suite | x1 | -3/Research | Authchip Exp. Utility Shielding | x1 | -3/Research Nanosword | x1 | -3/Armory | Authchip Exp. Reaction Control System | x1 | -2/Research | Authchip Zero-point Reactor | x1 | -1/Access Repaired ---------- Cld. VTOL Module | 6% | -6/Factory Cld. VTOL Module | 15% | -6/Factory Cld. Deuterium Engine | 27% | -6/Factory Cld. Deuterium Engine | 10% | -6/Factory Cld. Deuterium Engine | 9% | -5/Factory | Broken Cld. VTOL Module | 43% | -5/Factory Cld. VTOL Module | 46% | -5/Factory Cld. VTOL Module | 56% | -5/Factory Cld. Deuterium Engine | 99% | -5/Factory | Broken Lyr. Medium Armor Plating | 10% | -5/Factory Cld. Nuclear Pulse Thruster | 85% | -5/Factory | Broken Cld. VTOL Module | 41% | -5/Factory Cld. Nuclear Pulse Thruster | 99% | -5/Factory | Broken Cld. VTOL Module | 71% | -5/Factory | Broken Cld. VTOL Module | 98% | -5/Factory | Broken Cld. Nuclear Pulse Thruster | 99% | -5/Factory | Broken Exp. Utility Shielding | 59% | -5/Factory Cld. Nuclear Pulse Thruster | 57% | -5/Factory Cld. VTOL Module | 99% | -5/Factory | Broken Lyr. Medium Armor Plating | 15% | -5/Factory Graviton Reactor | 63% | -4/Factory | Broken Adv. Gravity Neutralizer | 99% | -4/Factory | Broken Cld. Nuclear Pulse Thruster | 35% | -4/Factory Cld. Nuclear Pulse Thruster | 74% | -4/Factory Scatter Rocket Array | 31% | -4/Factory Exp. Utility Shielding | 50% | -3/Research Graviton Reactor | 61% | -3/Research Scatter Rocket Array | 12% | -3/Research Mni. Fusion Reactor | 14% | -3/Armory Exp. Utility Shielding | 8% | -1/Access Graviton Reactor | 33% | -1/Access Cld. Impulse Thruster | 23% | -1/Access Cld. Impulse Thruster | 41% | -1/Command Impulse Thruster Array | 13% | -1/Command Studied --------- Carbon-fiber Leg | -8/Materials | Hacked Lgt. Nuclear Core | -8/Materials | Hacked Deuterium Engine | -8/Materials | Hacked Titanium Leg | -8/Materials | Hacked Cesium-ion Thruster | -7/Factory | Hacked Hvy. Missile Launcher | -6/Factory | Hacked Lgt. Angular Momentum Engine | -5/Factory | Hacked Power Sword | -5/Factory | Hacked Alien Tech Used ----------------- Integrated Reactor Transdimensional Reconstructor Core Regenerator Achievements -------------- Follow The Leader For Science! Showdown Warlord Forever! Challenges ------------ None Game ------ Seed PhasingShadeFocus Manual? 0 Play Time 04:39:01 Cumulative 825.6 hours Start 2026.02.16 @ 10:44:50 End 2026.03.25 @ 18:30:24 Sessions 25 Manual Loads 0 Difficulty Rogue Special Mode None Game No. 411 Rogue 411 Adventurer 0 Explorer 0 Win Type 7 Total 70 Types 45/5/6/4/1/1/3/3/1/1 Lore% 92 Gallery% 82 Achievement% 69 Wizard Run 0 Options --------- Layout 0 ASCII 0 Keyboard 1 Movement Numpad Keybinds 0 Fullscreen 2 Font 18/SmallcapsGlow Map View 76x50 Zoom Use 0% Tactical HUD 1 Map Filters NONE Filters NONE Steam 1 RUN: 59fd101d-b612-4ebc-8629-81deec0b6c17